 Dungeon Crawl Stone Soup version 0.27-a0-577-ge2a43ba0c9 (webtiles) character file.

Game seed: 6238821119402796443

1653932 Ge0ff the Devastator (level 27, 224/224 HPs)
             Began as a Tengu Chaos Knight on Mar 8, 2021.
             Was a Favourite Plaything of Xom.
             Escaped with the Orb
             ... and 3 runes on Mar 9, 2021!
             The game lasted 03:40:48 (74786 turns).

Ge0ff the Devastator (Tengu Chaos Knight)          Turns: 74786, Time: 03:40:48

Health: 224/224    AC: 46    Str: 26    XL:     27
Magic:  60/60      EV: 19    Int: 35    God:    Xom [......]
Gold:   4494       SH: 16    Dex: 30    Spells: 26/55 levels left

rFire    + . .     SeeInvis +   a - +9 demon trident "Ypsify" {flame, rElec rC++ Will+ MP+9}
rCold    + + +     Faith    .   Y - +0 kite shield "Caffafisum" {rN+ Str+6 Int+2 SInv}
rNeg     + + +     Spirit   +   f - +8 orange crystal plate armour {Archmagi, Int+3 Clar}
rPois    +         Reflect  .   b - +2 hat of the Bear Spirit {Spirit, +Rage rN+ Will++}
rElec    +         Harm     .   G - +2 ratskin cloak {*Rats rPois rN+ Str-1 Int-1 Dex+1}
rCorr    .         Rampage  .   Q - +0 pair of fencer's gloves {Riposte Dex+3}
rMut     +         Clarity  +   (boots unavailable)
Will     +++++                  A - macabre finger necklace {rN+}
Stlth    ..........             D - ring "Plog" {rC+ MP+9 Int+5 Dex+4}
HPRegen  2.47/turn              Z - ring of protection from fire
MPRegen  0.37/turn              x - ring "Elecvix" {rC- Str+2 Int+3 Dex+6 Stlth+}

@: flying quickly and evasively, studying Maces & Flails, quick
A: antennae 2, beak, talons 3, icy blue scales 1, iridescent scales 1, molten
scales 1, agile 1, blink, clever 2, cold resistance 1, strong-willed 3, mutation
resistance 3, sense surroundings 2, regeneration 2, robust 3, screaming 1, wild
magic 2, MP-powered wands, able to fly
0: Orb of Zot
}: 3/15 runes: decaying, abyssal, gossamer
a: Stop Flying, Blink, Renounce Religion, Evoke Berserk Rage


You escaped.
You worshipped Xom.
You were a very special plaything of Xom.
You visited 9 branches of the dungeon, and saw 48 of its levels.
You visited the Abyss 1 time.
You also visited: Trove, Bailey, Gauntlet, Ice Cave and Wizlab.

You collected 16532 gold pieces.
You spent 12038 gold pieces at shops.

Inventory:

Hand Weapons
 a - the +9 demon trident "Ypsify" (weapon) {flame, rElec rC++ Will+ MP+9}
   (You took it off an orc wizard on level 3 of the Elven Halls)

   It has been specially enchanted to burn those struck by it, causing extra
   injury to most foes and up to half again as much damage against particularly
   susceptible opponents.
   It greatly protects you from cold.
   It insulates you from electricity.
   It affects your willpower, your defense against some magical effects.
   It affects your magic capacity (+9).
 w - a +9 dagger of chaos
Missiles
 g - 3 throwing nets {=f}
 h - 22 silver javelins (quivered)
 r - 65 javelins
 v - 2 curare-tipped darts {=f}
Armour
 b - the +2 hat of the Bear Spirit (worn) {Spirit, +Rage rN+ Will++}
   (You bought it in a shop on level 6 of the Dungeon)

   It protects you from negative energy.
   It affects your willpower, your defense against some magical effects.
   It lets you go berserk.
 f - the +8 orange crystal plate armour (worn) {Archmagi, Int+3 Clar}
   (You bought it in a shop on level 12 of the Dungeon)

   It affects your intelligence (+3).
   It protects you against confusion.
 G - the +2 ratskin cloak (worn) {*Rats rPois rN+ Str-1 Int-1 Dex+1}
   (You found it on level 4 of the Depths)

   It affects your strength (-1).
   It affects your intelligence (-1).
   It affects your dexterity (+1).
   It protects you from poison.
   It protects you from negative energy.
 Q - the +0 pair of fencer's gloves (worn) {Riposte Dex+3}
   (You bought it in a shop on level 6 of the Dungeon)

   It affects your dexterity (+3).
 Y - the +0 kite shield "Caffafisum" (worn) {rN+ Str+6 Int+2 SInv}
   (You took it off a minotaur in a Gauntlet)

   It affects your strength (+6).
   It affects your intelligence (+2).
   It protects you from negative energy.
   It lets you see invisible.
Jewellery
 x - the ring "Elecvix" (on amulet) {rC- Str+2 Int+3 Dex+6 Stlth+}
   (You found it on level 10 of the Dungeon)

   [ring of dexterity]

   It affects your strength (+2).
   It affects your intelligence (+3).
   It affects your dexterity (+6).
   It makes you vulnerable to cold.
   It makes you more stealthy.
 A - the macabre finger necklace (around neck) {rN+}
   (You found it on level 12 of the Dungeon)

   [amulet of nothing]

   It enables you to equip an extra ring.
   It protects you from negative energy.
 D - the ring "Plog" (left hand) {rC+ MP+9 Int+5 Dex+4}
   (You found it on level 2 of the Depths)

   [ring of magical power]

   It affects your intelligence (+5).
   It affects your dexterity (+4).
   It protects you from cold.
   It affects your magic capacity (+9).
 P - the ring "Xymuqub" {Ice +Blink Int+4 Dex+4}
   (You found it on level 3 of the Elven Halls)

   [ring of ice]

   It enhances your ice magic.
   It affects your intelligence (+4).
   It affects your dexterity (+4).
   It makes you vulnerable to fire.
   It protects you from cold.
   It lets you blink.
 X - the ring "Wucsip" {rN+ rCorr Str+3 Stlth-}
   (You found it in a treasure trove)

   [ring of resist corrosion]

   It affects your strength (+3).
   It protects you from negative energy.
   It provides partial protection from all sources of acid and corrosion.
   It makes you less stealthy.
 Z - a ring of protection from fire (right hand)
Wands
 d - a wand of digging (9)
 e - a wand of charming (12)
 j - a wand of acid (33)
 k - a wand of iceblast (49)
 p - a wand of paralysis (40)
 s - a wand of mindburst (48)
Scrolls
 m - 5 scrolls of magic mapping
 u - 3 scrolls of holy word
 y - 5 scrolls of immolation
 B - 8 scrolls of blinking
 E - 6 scrolls of fear
 F - 5 scrolls of fog
 J - 3 scrolls of silence {!r}
 S - 7 scrolls of summoning
 T - 25 scrolls of teleportation
 V - 4 scrolls of vulnerability
Potions
 o - 11 potions of ambrosia
 q - 19 potions of curing
 z - 4 potions of brilliance
 C - 11 potions of mutation {!q}
 H - 3 potions of haste {!q}
 I - 2 potions of invisibility
 K - 4 potions of magic {!q}
 M - 11 potions of might
 N - 3 potions of cancellation {!q}
 R - 2 potions of resistance
 W - 12 potions of heal wounds {!q}
Miscellaneous
 c - a condenser vane
 l - a lightning rod (4/4)
 n - a phial of floods
 t - a tin of tremorstones (2/2)
 O - a box of beasts
 U - a phantom mirror


   Skills:
 * Level 18.0 Fighting
 - Level 12.0(13.6) Short Blades
 - Level 11.2(13.2) Long Blades
 - Level 14.0 Polearms
 * Level 13.0 Throwing
 - Level 17.0 Armour
 + Level 12.6 Dodging
 - Level 8.2 Stealth
 - Level 15.0 Shields
 + Level 14.5 Spellcasting
 - Level 20.0 Conjurations
 * Level 9.1 Hexes
 - Level 10.0 Translocations
 - Level 10.0 Transmutations
 - Level 5.0 Earth Magic
 + Level 13.2 Evocations


You had 26 spell levels left.
You knew the following spells:

 Your Spells              Type           Power      Damage    Failure   Level
c - Blink                 Tloc           N/A        N/A       3%          2
g - Apportation           Tloc           100%       N/A       2%          1
m - Iskenderun's Mystic   Conj/Tloc      100%       2d19      3%          4
p - Passage of Golubria   Tloc           N/A        N/A       12%         4
s - Wereblood             Tmut           100%       N/A       3%          2
w - Passwall              Tmut/Erth      93%        N/A       6%          2
y - Yara's Violent Unrav  Hex/Tmut       61%        3d23      30%         5
C - Manifold Assault      Tloc           100%       N/A       12%         4
E - Irradiate             Conj/Tmut      71%        3d37      6%          5

Your spell library contained the following spells:

 Spells                   Type           Power      Damage    Failure   Level
 Magic Dart               Conj           100%       1d8       1%          1
 Searing Ray              Conj           100%       3d7       1%          2
 Dazzling Flash           Conj/Hex       100%       N/A       1%          3
 Iskenderun's Battlesphe  Conj           100%       2d15      1%          5
 Beastly Appendage        Tmut           100%       N/A       2%          1
 Foxfire                  Conj/Fire      100%       2x1d9     2%          1
 Shock                    Conj/Air       100%       1d9       2%          1
 Stone Arrow              Conj/Erth      100%       3d13      2%          3
 Corona                   Hex            100%       N/A       3%          1
 Fulminant Prism          Conj/Hex       70%        3d30      3%          4
 Conjure Flame            Conj/Fire      100%       6-21      5%          3
 Gell's Gravitas          Tloc           62%        N/A       5%          3
 Lesser Beckoning         Tloc           62%        N/A       5%          3
 Static Discharge         Conj/Air       100%       N/A       5%          3
 Teleport Other           Tloc           100%       N/A       5%          3
 Confusing Touch          Hex            100%       N/A       6%          3
 Portal Projectile        Hex/Tloc       100%       N/A       6%          3
 Hailstorm                Conj/Ice       100%       3d20      12%         4
 Sticky Flame             Conj/Fire      100%       2d11      12%         4
 Mephitic Cloud           Conj/Pois/Air  100%       N/A       14%         3
 Ensorcelled Hibernation  Hex/Ice        100%       N/A       16%         2
 Cause Fear               Hex            60%        N/A       16%         4
 Orb of Destruction       Conj           79%        9d19      16%         7
 Spider Form              Tmut/Pois      49%        N/A       24%         3
 Inner Flame              Hex/Fire       95%        N/A       28%         3
 Summon Guardian Golem    Hex/Summ       95%        N/A       28%         3
 Petrify                  Tmut/Erth      100%       N/A       28%         4
 Blade Hands              Tmut           62%        N/A       28%         5
 Fireball                 Conj/Fire      62%        3d24      28%         5
 Lightning Bolt           Conj/Air       62%        1d85      28%         5
 Ignite Poison            Fire/Tmut/Pois 86%        N/A       38%         3
 Bolt of Magma            Conj/Fire/Erth 58%        4d23      43%         5
 Iron Shot                Conj/Erth      67%        9d12      43%         6
 Animate Skeleton         Necr           100%       N/A       47%         1
 Freeze                   Ice            100%       1d11      47%         1
 Pain                     Necr           100%       1d9       47%         1
 Summon Small Mammal      Summ           100%       N/A       47%         1
 Ice Form                 Ice/Tmut       98%        N/A       54%         4
 Call Imp                 Summ           57%        N/A       58%         2
 Sublimation of Blood     Necr           28%        N/A       58%         2
 Swiftness                Air            57%        N/A       58%         2
 Conjure Ball Lightning   Conj/Air       62%        3x3d22    75%         6
 Dispersal                Tloc           62%        N/A       75%         6
 Hydra Form               Tmut           62%        N/A       75%         6
 Starburst                Conj/Fire      62%        8x6d16    75%         6
 Call Canine Familiar     Summ           57%        N/A       80%         3
 Frozen Ramparts          Ice            100%       1d12      80%         3
 Ozocubu's Armour         Ice            57%        N/A       80%         3
 Vampiric Draining        Necr           28%        2d10      80%         3
 Animate Armour           Summ/Erth      100%       N/A       85%         4
 Alistair's Intoxication  Tmut/Pois      65%        N/A       85%         5
 Lee's Rapid Deconstruct  Erth           49%        3d24*     85%         5
 Summon Forest            Summ/Tloc      49%        N/A       85%         5
 Invisibility             Hex            100%       N/A       85%         6
 Metabolic Englaciation   Hex/Ice        47%        N/A       88%         5
 Silence                  Hex/Air        47%        N/A       88%         5
 Summon Mana Viper        Hex/Summ       95%        N/A       88%         5
 Statue Form              Tmut/Erth      74%        N/A       97%         6
 Airstrike                Air            28%        N/A       99%         4
 Animate Dead             Necr           28%        N/A       99%         4
 Summon Ice Beast         Ice/Summ       57%        N/A       99%         4
 Summon Lightning Spire   Summ/Air       57%        N/A       99%         4
 Borgnjor's Vile Clutch   Necr/Erth      40%        N/A       99%         5
 Dragon Form              Tmut           62%        N/A       99%         7
 Spellforged Servitor     Conj/Summ      62%        N/A       99%         7
 Agony                    Necr           57%        N/A       100%        5
 Death Channel            Necr           28%        N/A       100%        6
 Eringya's Noxious Bog    Tmut/Pois      49%        N/A       100%        6
 Shadow Creatures         Summ           N/A        N/A       100%        6
 Simulacrum               Ice/Necr       28%        N/A       100%        6
 Haunt                    Necr/Summ      28%        N/A       100%        7
 Malign Gateway           Summ/Tloc      49%        N/A       100%        7
 Monstrous Menagerie      Summ           28%        N/A       100%        7
 Summon Hydra             Summ           28%        N/A       100%        7
 Discord                  Hex            60%        N/A       100%        8
 Disjunction              Tloc           62%        N/A       100%        8
 Summon Horrible Things   Summ           28%        N/A       100%        8
 Dragon's Call            Summ           28%        N/A       100%        9
 Tornado                  Air            28%        N/A       100%        9


Dungeon Overview and Level Annotations

Branches:
Dungeon (15/15)            Temple (0/1) D:7            Lair (6/6) D:10
  Swamp (4/4) Lair:3       Spider (4/4) Lair:4        Slime (0/5) Lair:5
    Orc (2/2) D:9             Elf (3/3) Orc:2        Vaults (4/5) D:13
  Crypt (0/3) Vaults:2     Depths (5/5) D:15            Zot (5/5) Depths:5
 Bailey (visited)           IceCv (visited)          WizLab (visited)
Gauntlet (visited)

Altars:
Cheibriados
Dithmenos
Elyvilon
Gozag
Hepliaklqana
Kikubaaqudgha
Makhleb
Nemelex Xobeh
Okawaru
Qazlal
Ru
Vehumet
Xom
Yredelemnul
Zin
Jiyva

Shops:
D:5 !   D:6 =[(   D:12 *   Orc:2 (:*!   Elf:3 ((:(   Vaults:1 *   Vaults:2 (
Vaults:4 ((**   Depths:4 *

Portals:
Hell: Depths:1 Depths:2 Depths:3 Depths:4 Depths:5
Abyss: Depths:4
Pandemonium: Orc:2 Depths:1 Depths:3
Ziggurat: Depths:1


Innate Abilities, Weirdness & Mutations

You have a beak for a mouth.
You have claws for feet.
You can fly continuously.
You have a pair of antennae on your head.
You are partially covered in icy blue scales. (AC +2)
You are partially covered in iridescent scales. (AC +2)
You are partially covered in molten scales. (AC +2)
You are agile. (Dex +2)
You can translocate small distances at will.
Your mind is very acute. (Int +4)
Your flesh is cold resistant. (rC+)
You are extremely strong-willed. (Will+++)
You are almost entirely resistant to further mutation and mutation removal.
You passively map the area around you.
You heal very quickly.
You are extremely robust. (+30% HP)
You occasionally shout uncontrollably at your foes.
Your spells are harder to cast, but more powerful.
You expend magic power (3 MP) to strengthen your wands.


Message History

An eye of draining and a scorpion come into view.
You shout at the scorpion!
You impale the scorpion!! You burn the scorpion.
You kill the scorpion!
You reach to attack!
You impale the eye of draining!! You burn the eye of draining.
The eye of draining is severely wounded.
You reach to attack!
You impale the eye of draining!! You burn the eye of draining.
You kill the eye of draining!
There is a stone staircase leading up here.
You fly upwards.
A Hell Sentinel comes into view.
There is a stone staircase leading down here.
The Hell Sentinel moves out of view.
The Hell Sentinel gestures at you.
The sphere of damnation explodes!
The damnation engulfs you!! The Hell Sentinel gestures at you.
The sphere of damnation explodes!
The damnation engulfs you!!
An Executioner comes into view.
Blink to where?
Press: ? - help, Dir - move target
As you read the scroll of blinking, it crumbles to dust.
A mysterious force pulls you upwards. The hatch slams shut behind you.
(D) Dungeon (T) Temple (L) Lair (S) Swamp (N) Spider Nest (M) Slime Pits (O) Orcish Mines (E) Elven Halls (V) Vaults (C) Crypt (U) Depths (H) Hell (Z) Zot
Where to? (Enter - D:1 @ (x,y), ? - help)
There is a stone staircase leading up here.
HP restored.
You fly upwards.
There is a stone staircase leading down here.
Magic restored.
There is a stone staircase leading up here.
You fly upwards.
There is a stone staircase leading down here.
There is a fountain of clear blue water here.
There is a staircase leading out of the dungeon here.
You have escaped!

.....# #.........#
#...... .....#
#####.........# #......
.....#####.............#
#......
.....'......##........###
#......
.....####...............#
#...... ######
#..##♣♣♣.♣♣♣##..# #......
...# #..# ♣⌠♣
#..###...... ...#
#..♣♣♣♣♣.♣♣♣♣♣...##......
...#
#.....⌠.@.⌠......##......
####
#..♣♣♣♣♣.♣♣♣♣♣...######+#
#..# ♣⌠♣ #...........
#..##♣♣♣.♣♣♣##..#.#####..
#...............#.....##.
##############.######.##.
#.....# #......#.##.
#.###.######...........
#.#.................##.


There were no monsters in sight!

Vanquished Creatures
  An ancient lich (Zot:1)
  2 dread liches
  8 orbs of fire
  3 juggernauts (Depths:3)
  Boris (twice) (Depths:4 Depths:5)
  Sojobo (Depths:5)
  the Lernaean hydra (Swamp:4)
  Margery (Depths:4)
  5 Killer Klowns
  Bai Suzhen (Spider:3)
  2 caustic shrikes
  7 golden dragons
  Nikola (Swamp:1)
  the Enchantress (Depths:1)
  Arachne (Spider:2)
  A bone dragon (Depths:5)
  Jorgrun (D:15)
  6 liches
  14 tentacled monstrosities
  Asterion (Vaults:2)
  3 titans
  A deep elf master archer (Elf:3)
  2 deep elf blademasters (Elf:3)
  17 Orb Guardians
  3 quicksilver dragons
  3 death cobs
  Frances (Swamp:1)
  Agnes (D:14)
  10 storm dragons
  5 tengu reavers
  Kirke (D:15)
  5 sphinxes
  Gastronok (D:9)
  2 fenstrider witches
  4 draconian monks
  2 shadow dragons (Zot:3)
  10 frost giants
  4 iron dragons
  10 deep elf sorcerers
  5 fire giants
  6 vault wardens
  The ghost of Okhlofrez the Convoker, an adept DESu of Sif Muna (D:15)
  5 draconian knights
  An orc warlord (Bailey)
  6 draconian scorchers
  4 ghost moths
  3 draconian stormcallers
  2 ghouls
  4 emperor scorpions
  A draconian shifter (Zot:3)
  6 deep elf elementalists
  4 spriggan defenders
  2 draconian annihilators
  14 ironheart preservers
  18 very ugly things
  24 stone giants
  6 deep elf demonologists
  2 vampire knights
  10 black draconians
  5 green draconians
  The ghost of Paluwo the Brawler, a journeyman TrMo of Nemelex Xobeh (Lair:2)
  2 bunyips (Swamp:4)
  Azrael (D:14)
  5 deep elf annihilators
  Nessos (D:15)
  3 entropy weavers
  A dire elephant (Lair:6)
  5 yellow draconians
  2 minotaurs
  7 white draconians
  19 purple draconians
  14 red draconians
  4 eleionomae
  The ghost of Neix the Fighter, a journeyman BaSk of Qazlal (Lair:2)
  13 ettins
  14 spark wasps
  3 deep elf death magi
  Josephine (D:14)
  A crystal guardian (Vaults:4)
  9 statues (WizLab)
  A merfolk impaler (Depths:3)
  3 deep elf high priests
  Snorg (D:11)
  2 merfolk javelineers
  8 fire dragons
  A death ooze (Lair:3)
  2 great orbs of eyes
  8 yaktaur captains
  A hell beast (Depths:3)
  25 hydras
  16 ice dragons
  4 spriggan air magi
  An anaconda (D:10)
  2 ghost crabs
  5 boulder beetles
  3 catoblepae
  5 rakshasas
  13 ogre magi
  9 centaur warriors
  The ghost of kae the Cleaver, a novice HOFi of Qazlal (D:8)
  4 alligators
  8 deep troll shamans
  9 death yaks (Lair:6)
  40 two-headed ogres
  33 dancing weapons
  8 tengu warriors
  6 deep troll earth magi
  A shock serpent (shapeshifter) (Depths:4)
  A hell hog (Gauntlet)
  7 orc high priests
  7 spriggan berserkers
  12 hell knights
  2 sun demons
  4 iron trolls
  23 deep elf knights
  A titan skeleton (Abyss:2)
  Nergalle (D:10)
  3 sixfirhies
  5 soul eaters
  4 skeletal warriors
  4 wretched stars (Abyss:2)
  4 goliath frogs
  A fire crab (D:15)
  A shadow wraith (Vaults:4)
  11 deep trolls
  A spectral catoblepas (Lair:2)
  An unseen horror (D:14)
  16 deep elf archers
  4 glowing orange brains
  7 swamp dragons (Swamp:4)
  A lindwurm (Spider:4)
  A spectral hydra (Lair:2)
  A gelid demonspawn (Orc:2)
  2 torturous demonspawn (Orc:2)
  2 spriggan druids (Swamp:4)
  2 obsidian statues (Depths:1)
  15 bog bodies
  3 flayed ghosts
  13 orc knights
  2 orange crystal statues
  36 deep elf pyromancers
  A mana viper (shapeshifter) (Vaults:3)
  5 wizards
  2 phantasmal warriors
  3 harpies (Vaults:2)
  26 wolf spiders
  12 orb spiders
  25 cyclopes
  8 orc sorcerers
  40 ugly things
  37 deep elf zephyrmancers
  11 ironbrand convokers
  3 worldbinders (Abyss:2)
  4 manticores
  2 oklob plants (Lair:1)
  18 moths of wrath
  5 will-o-the-wisps
  17 elephants
  8 vault sentinels
  4 black mambas
  A stone giant skeleton (Abyss:4)
  An apocalypse crab (Abyss:2)
  3 rust devils
  A shock serpent skeleton (Abyss:2)
  3 orange demons
  A smoke demon (Abyss:4)
  9 gargoyles
  A torpor snail (Lair:4)
  2 ice statues (IceCv)
  Psyche (D:11)
  14 cane toads
  2 rime drakes
  2 freezing wraiths
  2 kobold demonologists
  32 yaktaurs
  18 tengu conjurers
  7 demonic crawlers
  A yaktaur (shapeshifter) (Vaults:1)
  6 ice devils
  3 efreet
  15 komodo dragons
  2 hellwings (Depths:1)
  An ancient zyme (Abyss:3)
  A jumping spider (shapeshifter) (Abyss:2)
  3 red devils
  A meliai (shapeshifter) (D:15)
  6 trolls
  A bloated husk (Swamp:1)
  29 jumping spiders
  A queen bee (shapeshifter) (D:13)
  A wolf spider simulacrum (Vaults:1)
  5 tyrant leeches
  6 polar bears
  3 meliai (D:15)
  16 hornets
  29 slime creatures
  A meliai zombie (D:13)
  A blink frog (shapeshifter) (Vaults:4)
  A harpy skeleton (Abyss:3)
  25 blink frogs
  A raiju (D:14)
  4 dream sheep (Lair:6)
  2 flying skulls (Abyss:2)
  2 air elementals
  29 tarantellas
  4 starcursed masses (Abyss:2)
  7 wraiths
  2 shadows
  3 ynoxinuls
  70 redbacks
  54 yaks
  A vampire (D:13)
  12 spriggans
  5 wyverns
  20 fire elementals
  7 fire bats
  5 golden eyes (Zot:3)
  3 neqoxecs
  11 water elementals
  3 basilisks
  7 chaos spawn
  A spectral komodo dragon (Lair:2)
  A steam dragon (D:13)
  2 hogs (D:15)
  A human (D:15)
  9 vampire mosquitoes
  20 swamp worms
  4 wargs
  2 acid dragons
  8 hell hounds
  15 water moccasins
  8 swamp drakes
  A hydra simulacrum (Lair:2)
  53 orc warriors
  An ettin simulacrum (Vaults:1)
  An eye of draining (shapeshifter) (D:15)
  4 large abominations
  12 ice beasts
  5 sky beasts
  2 eyes of draining
  A black bear (shapeshifter) (Vaults:3)
  4 black bears
  7 necrophages
  41 ogres
  A boulder beetle simulacrum (Lair:2)
  31 centaurs
  A tengu (shapeshifter) (D:10)
  12 wolves
  3 boggarts
  3 phantoms
  A kobold brigand (D:7)
  18 bullfrogs
  A gnoll sergeant (D:7)
  2 earth elementals (Elf:1)
  7 small abominations
  A wyvern skeleton (D:10)
  5 scorpions
  A killer bee (D:13)
  10 wights
  A howler monkey (D:4)
  5 electric eels
  A centaur zombie (D:7)
  A crimson imp (Depths:3)
  8 quasits
  4 bullfrog zombies
  6 hounds
  5 jellies
  4 centaur skeletons
  36 orc priests
  3 iron imps (Depths:3)
  A bullfrog skeleton (D:8)
  A gnoll shaman (D:7)
  3 iguanas
  18 orc wizards
  11 worker ants
  2 killer bee zombies
  A hound skeleton (D:7)
  A worker ant zombie (D:6)
  A mummy (D:6)
  A howler monkey skeleton (D:10)
  23 gnolls
  9 adders
  5 shadow imps
  6 white imps
  2 ufetubi (D:7)
  An ooze (D:3)
  An adder zombie (D:9)
  An adder skeleton (D:4)
  4 worms
  4 dart slugs
  5 leopard geckos
  133 orcs
  A ball python (D:2)
  5 giant cockroaches
  28 goblins
  18 hobgoblins
  13 jackals
  14 kobolds
  3 quokkas
  2 bats
  5 frilled lizards
  A leopard gecko skeleton (D:4)
  A leopard gecko zombie (D:5)
  2 quokka skeletons
  A quokka zombie (D:5)
  10 rats
2252 creatures vanquished.

Vanquished Creatures (collateral kills)
  A Killer Klown (Zot:1)
  A curse toe (Zot:3)
  An electric golem (Zot:5)
  2 deep elf sorcerers
  A spriggan defender (Depths:1)
  A green draconian (Zot:1)
  A starcursed mass (Abyss:3)
  2 deep elf demonologists (Elf:1)
  2 deep elf annihilators (Elf:3)
  A shambling mangrove (Swamp:4)
  A thrashing horror (Abyss:2)
  A deep elf knight (Elf:1)
  A spriggan druid (Swamp:4)
  A swamp dragon (Swamp:4)
  2 orb spiders (Spider:3)
  A large abomination (Abyss:2)
  A moth of wrath (Zot:5)
  An elephant (Lair:6)
  A jumping spider (Spider:4)
  A redback (Spider:4)
  Sigmund (D:4)
  2 yaks (Lair:3)
  2 fire elementals (Elf:3)
  Edmund (D:4)
  Menkaure (D:4)
  A swamp drake (Swamp:4)
  An orc warrior (Bailey)
  An ogre (D:4)
  Blork the orc (D:4)
  A scorpion (D:4)
  A gnoll shaman (D:4)
  2 worker ants (D:4)
  4 gnolls (D:4)
  2 orcs
  A bush (Lair:6)
46 creatures vanquished.

Vanquished Creatures (others)
  An eldritch tentacle (D:15)
  A death cob (Zot:5)
  A deep elf demonologist (Elf:3)
  5 dancing weapons
  A deep troll earth mage (Depths:1)
  A deep elf pyromancer (Elf:1)
  A deep elf zephyrmancer (Elf:1)
  A bloated husk (Swamp:2)
  A redback (Spider:3)
  A fire elemental (Zot:3)
  A boggart (Vaults:3)
  A bullfrog (D:15)
  3 orcs (Elf:1)
  19 foxfires
  73 fungi
  79 plants
190 creatures vanquished.

Grand Total: 2488 creatures vanquished

Notes
Turn   | Place    | Note
-------+----------+-------------------------------------------
     0 | D:1      | Ge0ff the Tengu Chaos Knight began the quest for the Orb.
     0 | D:1      | Reached XP level 1. HP: 14/14 MP: 2/2
   289 | D:1      | XOM: divination: detect items
   294 | D:1      | Reached XP level 2. HP: 18/19 MP: 3/3
   402 | D:1      | XOM: silly message
   765 | D:1      | Reached XP level 3. HP: 23/23 MP: 4/4
   883 | D:1      | XOM: silly message
   999 | D:1      | XOM: silly message
  1183 | D:2      | XOM: silly message
  1393 | D:2      | Found a faded altar of an unknown god.
  1588 | D:2      | XOM: 1-stop teleportation journey
  1699 | D:2      | XOM: polymorph jackal -> rat
  1797 | D:2      | Found a shadowy altar of Dithmenos.
  1992 | D:3      | Reached XP level 4. HP: 28/28 MP: 5/5
  2195 | D:3      | Reached skill level 1 in Throwing
  2406 | D:3      | XOM: confuse monster(s)
  2410 | D:3      | XOM: summons 3 hostile demons
  2414 | D:3      | HP: 1/28 [white imp/puff of frost[Xom] (11)]
  2548 | D:3      | XOM: god gift: 29 stones
  2726 | D:3      | XOM: god gift: +5 dagger of venom
  2745 | D:3      | XOM: give mutations
  2745 | D:3      | Gained mutation: You expend magic power (3 MP) to
                  | strengthen your wands. [Xom's grace]
  2745 | D:3      | Gained mutation: Your spells are a little harder to cast,
                  | but a little more powerful. [Xom's grace]
  3173 | D:3      | Gained mutation: You can fly continuously. [Tengu growth]
  3173 | D:3      | Reached XP level 5. HP: 33/33 MP: 6/6
  3463 | D:3      | XOM: god gift: book of the Warp
  3473 | D:3      | Learned a level 4 spell: Manifold Assault
  3600 | D:4      | Found a transporter.
  3617 | D:4      | Noticed an ogre
  3631 | D:4      | Killed an ogre
  3632 | D:4      | Reached skill level 5 in Short Blades
  3632 | D:4      | Reached skill level 1 in Stealth
  3646 | D:4      | Noticed Edmund
  3654 | D:4      | Killed Edmund
  3655 | D:4      | Reached XP level 6. HP: 11/38 MP: 7/7
  3729 | D:4      | XOM: 9-stop teleportation journey
  3811 | D:4      | Found a transporter.
  4402 | D:4      | Noticed Sigmund
  4419 | D:4      | Noticed Blork the orc
  4430 | D:4      | XOM: god gift: falchion {god gift}
  4433 | D:4      | Killed Blork the orc
  4438 | D:4      | Killed Sigmund
  4439 | D:4      | Reached XP level 7. HP: 34/43 MP: 8/8
  4534 | D:4      | Noticed Menkaure
  4542 | D:4      | Killed Menkaure
  4733 | D:3      | XOM: scenery: 1 doors open
  4750 | D:3      | XOM: god gift: executioner's axe {god gift}
  4828 | D:4      | XOM: scenery: summon butterflies
  5040 | D:4      | XOM: cast spell 'Summon Hydra'
  5300 | D:4      | XOM: blink monster(s)
  5467 | D:5      | Entered Level 5 of the Dungeon
  5489 | D:5      | XOM: 1-stop teleportation journey
  5890 | D:5      | Reached XP level 8. HP: 43/48 MP: 9/9
  5917 | D:5      | Found Wuesuh's Distillery.
  5922 | D:5      | Bought a potion of degeneration for 13 gold pieces
  5923 | D:5      | Bought a potion of berserk rage for 65 gold pieces
  6162 | D:5      | XOM: noise
  6413 | D:5      | XOM: noise
  6547 | D:5      | Found an iron altar of Okawaru.
  6564 | D:5      | Reached skill level 10 in Short Blades
  6663 | D:6      | XOM: enchant monster (good)
  6666 | D:6      | XOM: noise
  6907 | D:6      | Found Veatt's Jewellery Boutique.
  6908 | D:6      | Found Cifeoqawi's Antique Armour Shop.
  6915 | D:6      | Found Jisoraown's Antique Weapon Emporium.
  7089 | D:6      | Found a stormy altar of Qazlal.
  7363 | D:6      | Reached skill level 1 in Evocations
  7601 | D:6      | Reached XP level 9. HP: 52/53 MP: 10/10
  7605 | D:6      | Reached skill level 5 in Fighting
  7751 | D:6      | Found a snail-covered altar of Cheibriados.
  7799 | D:6      | XOM: cloud trail
  8021 | D:6      | XOM: silly message
  8154 | D:7      | Noticed a deep elf pyromancer
  8154 | D:7      | XOM: divination: detect items
  8161 | D:7      | XOM: cast spell 'Cause Fear'
  8170 | D:7      | Killed a deep elf pyromancer
  8389 | D:6      | XOM: silly message
  8726 | D:7      | Found a staircase to the Ecumenical Temple.
  8779 | D:7      | XOM: enchant monster (bad)
  9112 | D:7      | XOM: cloud trail
  9196 | D:7      | Found a sparkling altar of Nemelex Xobeh.
  9353 | D:7      | XOM: divination: detect creatures
  9573 | D:7      | Reached XP level 10. HP: 64/64 MP: 11/11
  9647 | D:7      | XOM: divination: magic mapping
  9728 | D:7      | Found a basalt altar of Yredelemnul.
  9872 | D:7      | XOM: scenery: 2 doors close
 10140 | D:8      | Found a runed translucent door.
 10151 | D:8      | Noticed kae's ghost (novice HOFi)
 10153 | D:8      | Identified the +5 trident of Earthquakes {protect, *Slow
                  | rN+ Str+3}
 10163 | D:8      | Found a flagged portal.
 10173 | Bailey   | Entered a bailey
 10307 | Bailey   | Noticed an orc knight
 10485 | Bailey   | Reached skill level 5 in Armour
 10490 | Bailey   | Noticed an orc knight
 10494 | Bailey   | XOM: summons friendly white imp
 10501 | Bailey   | Killed an orc knight
 10556 | Bailey   | Reached skill level 5 in Evocations
 10662 | Bailey   | Reached skill level 5 in Dodging
 10672 | Bailey   | XOM: god gift: 34 gold pieces
 10992 | Bailey   | Noticed an orc warlord
 10998 | Bailey   | Noticed an orc knight
 11002 | Bailey   | Killed an orc warlord
 11002 | Bailey   | Killed an orc knight
 11002 | Bailey   | Killed an orc knight
 11003 | Bailey   | Reached skill level 10 in Fighting
 11003 | Bailey   | Reached XP level 11. HP: 72/72 MP: 2/12
 11261 | D:8      | Found a shimmering altar of Xom.
 11413 | D:8      | XOM is BORED!
 11416 | D:8      | Found an ancient bone altar of Kikubaaqudgha.
 11660 | D:7      | XOM: give mutations
 11660 | D:7      | Gained mutation: You are frail. (-10% HP) [Xom's mischief]
 11660 | D:7      | Gained mutation: You are partially covered in iridescent
                  | scales. (AC +2) [Xom's mischief]
 11662 | D:7      | Reached XP level 12. HP: 69/69 MP: 12/19
 11913 | D:8      | Found a hazy altar of Hepliaklqana.
 11947 | D:8      | Found a white marble altar of Elyvilon.
 12185 | D:8      | Identified a scroll of acquirement
 12185 | D:8      | Acquired 1113 gold pieces
 12223 | D:6      | Bought the +2 hat of the Bear Spirit {Spirit, +Rage rN+
                  | Will++} for 899 gold pieces
 12223 | D:6      | Found the +2 hat of the Bear Spirit {Spirit, +Rage rN+
                  | Will++}
 12223 | D:6      | Bought the +0 pair of fencer's gloves {Riposte Dex+3} for
                  | 920 gold pieces
 12223 | D:6      | Found the +0 pair of fencer's gloves {Riposte Dex+3}
 12289 | D:7      | XOM: silly message
 12498 | D:9      | XOM: god gift: cabochon ring {god gift}
 12524 | D:9      | Found a glowing silver altar of Zin.
 12536 | D:9      | Learned a level 4 spell: Passage of Golubria
 12723 | D:9      | XOM: confuse monster(s)
 12727 | D:9      | XOM: blink monster(s)
 12774 | D:9      | XOM: silly message
 12855 | D:9      | XOM: 8-stop teleportation journey
 13065 | D:9      | Noticed a two-headed ogre
 13069 | D:9      | Reached skill level 5 in Spellcasting
 13080 | D:9      | Killed a two-headed ogre
 13141 | D:9      | XOM: confusion
 13401 | D:9      | Found a staircase to the Orcish Mines.
 13477 | D:9      | Noticed Gastronok
 13524 | D:9      | XOM: scenery: 2 doors close
 13533 | D:9      | Killed Gastronok
 13557 | D:9      | XOM: stat loss: -1 Dex (21/22)
 13717 | D:9      | XOM: give mutations
 13717 | D:9      | Lost mutation: You are frail. (-10% HP) [Xom's mischief]
 13717 | D:9      | Gained mutation: You are weak. (Str -2) [Xom's mischief]
 13717 | D:9      | Gained mutation: Armour fits poorly on your strangely
                  | shaped body. [Xom's mischief]
 13717 | D:9      | Lost mutation: You expend magic power (3 MP) to strengthen
                  | your wands. [Xom's mischief]
 13838 | D:9      | XOM: summons 7 hostile demons
 13920 | D:8      | XOM: give mutations
 13920 | D:8      | Gained mutation: Scrolls take you a little longer to read.
                  | [Xom's mischief]
 13920 | D:8      | Gained mutation: You are very weak. (Str -4) [Xom's
                  | mischief]
 13936 | D:9      | Lost mutation: Your spells are a little harder to cast, but
                  | a little more powerful. [potion of mutation]
 13936 | D:9      | Lost mutation: Scrolls take you a little longer to read.
                  | [potion of mutation]
 13936 | D:9      | Lost mutation: You are very weak. (Str -4) [potion of
                  | mutation]
 13936 | D:9      | Gained mutation: Your movements are slightly less
                  | encumbered by armour. (ER -2) [potion of mutation]
 13936 | D:9      | Gained mutation: You are partially covered in icy blue
                  | scales. (AC +2) [potion of mutation]
 13977 | D:9      | Found an opulent altar of Gozag.
 14024 | D:10     | Entered Level 10 of the Dungeon
 14066 | D:10     | Found a staircase to the Lair.
 14072 | D:10     | Noticed a centaur warrior
 14082 | D:10     | Noticed an ettin
 14082 | D:10     | a centaur warrior changed into an ettin
 14082 | D:10     | XOM: polymorph centaur warrior -> ettin
 14095 | D:10     | Noticed an anaconda
 14095 | D:10     | an ettin changed into an anaconda
 14095 | D:10     | XOM: polymorph ettin -> anaconda
 14229 | D:9      | XOM: give mutations
 14229 | D:9      | Gained mutation: Your body sometimes deteriorates upon
                  | taking damage. [Xom's mischief]
 14229 | D:9      | Gained mutation: Scrolls take you a little longer to read.
                  | [Xom's mischief]
 14319 | D:10     | XOM: god gift: 22 bolts
 14411 | D:10     | Killed an anaconda
 14621 | D:10     | XOM: god gift: 17 stones
 14816 | D:10     | XOM: polymorph iguana -> shapeshifter
 14997 | D:9      | XOM: stat loss: -1 Int (13/14)
 15204 | D:6      | Bought a warped short sword for 240 gold pieces
 15204 | D:6      | Identified the +7 short sword "Tejyimoo" {vorpal, rPois}
                  | (You bought it in a shop on level 6 of the Dungeon)
 15325 | D:10     | XOM: 8-stop teleportation journey
 15393 | D:10     | XOM: 1-stop teleportation journey
 15477 | D:10     | XOM: noise
 15554 | D:10     | Noticed Nergalle
 15565 | D:10     | Killed Nergalle
 15828 | D:10     | XOM: polymorph something unseen -> acid dragon
 16170 | D:10     | XOM: god gift: wand of flame (19)
 16172 | D:10     | XOM: summons friendly ufetubus
 16214 | D:10     | Identified the ring "Elecvix" {rC- Str+2 Int+3 Dex+6
                  | Stlth+}
 16351 | D:11     | XOM: enchant monster (bad)
 16355 | D:11     | XOM: smoke on damage
 16531 | D:11     | XOM: summons 4 hostile demons
 16555 | D:11     | XOM: 3-stop teleportation journey
 16596 | D:11     | Noticed Psyche
 16606 | D:11     | Killed Psyche
 16646 | D:11     | Reached XP level 13. HP: 62/83 MP: 18/24
 16652 | D:11     | XOM: noise
 16662 | D:11     | Noticed Snorg
 16707 | D:11     | XOM: confuse monster(s)
 16718 | D:11     | Killed Snorg
 16973 | D:11     | XOM: silly message
 17301 | D:11     | XOM: confusion (+ monsters)
 17387 | D:11     | XOM: silly message
 17487 | D:12     | XOM: 1-stop teleportation journey
 17498 | D:12     | XOM: cast spell 'Olgreb's Toxic Radiance'
 17596 | D:12     | Found a portal to a secret trove of treasure.
 17642 | D:12     | XOM: confusion
 17645 | D:12     | XOM: enchant monster (bad)
 17732 | D:12     | Found the macabre finger necklace {rN+}
 17753 | D:12     | Learned a level 1 spell: Apportation
 17759 | D:12     | Learned a level 5 spell: Irradiate
 17775 | D:12     | XOM: fake destruction
 18580 | D:12     | XOM: enchant monster (good)
 18694 | D:12     | XOM: give mutations
 18694 | D:12     | Gained mutation: You are frail. (-10% HP) [Xom's mischief]
 18694 | D:12     | Lost mutation: Your body sometimes deteriorates upon taking
                  | damage. [Xom's mischief]
 18694 | D:12     | Lost mutation: You are weak. (Str -2) [Xom's mischief]
 18723 | D:12     | XOM: silly message
 18748 | D:12     | XOM: confusion
 18749 | D:12     | XOM: give mutations
 18749 | D:12     | Gained mutation: Scrolls take you longer to read. [Xom's
                  | mischief]
 18749 | D:12     | Lost mutation: Armour fits poorly on your strangely shaped
                  | body. [Xom's mischief]
 18760 | D:12     | XOM: stat loss: -1 Dex (27/28)
 18766 | D:12     | XOM: divination: magic mapping
 18848 | D:11     | XOM: give mutations
 18848 | D:11     | Gained mutation: You are very frail. (-20% HP) [Xom's
                  | mischief]
 18848 | D:11     | Lost mutation: Scrolls take you longer to read. [Xom's
                  | mischief]
 18848 | D:11     | Gained mutation: You are weak. (Str -2) [Xom's mischief]
 18941 | D:12     | XOM: summons friendly crimson imp
 18948 | D:12     | XOM: summons friendly quasit
 18967 | D:12     | XOM: potion effect (brilliance)
 18986 | D:11     | XOM: potion effect (might)
 19097 | D:11     | XOM: silly message
 19494 | D:12     | Found Zineh's General Store.
 19682 | D:12     | XOM: give mutations
 19682 | D:12     | Gained mutation: You expend magic power (3 MP) to
                  | strengthen your wands. [Xom's grace]
 19682 | D:12     | Gained mutation: Your system is resistant to poisons.
                  | (rPois) [Xom's grace]
 19682 | D:12     | Gained mutation: You are somewhat resistant to further
                  | mutation. [Xom's grace]
 19733 | D:12     | XOM: give mutations
 19733 | D:12     | Gained mutation: You have a pair of small antennae on your
                  | head. [Xom's grace]
 19733 | D:12     | Gained mutation: You possess an exceptional clarity of
                  | mind. [Xom's grace]
 19733 | D:12     | Lost mutation: You are very frail. (-20% HP) [Xom's grace]
 19733 | D:12     | Gained mutation: You are somewhat resistant to both further
                  | mutation and mutation removal. [Xom's grace]
 19743 | D:12     | XOM: god gift: 21 gold pieces
 19864 | Lair:1   | Entered Level 1 of the Lair of Beasts
 19876 | Lair:1   | XOM: noise
 19885 | Lair:1   | Reached skill level 10 in Translocations
 19939 | Lair:1   | XOM: silly message
 20008 | Lair:1   | XOM is BORED!
 20008 | Lair:1   | XOM: noise
 20070 | Lair:1   | Found a gate leading to a gauntlet.
 20088 | Gauntlet | Entered a Gauntlet
 20088 | Gauntlet | Found a transporter.
 20088 | Gauntlet | Found a runed translucent door.
 20171 | Gauntlet | Found a runed translucent door.
 20178 | Gauntlet | Found a transporter.
 20182 | Gauntlet | Found a transporter.
 20190 | Gauntlet | Found a transporter.
 20194 | Gauntlet | Found a transporter.
 20202 | Gauntlet | Found a transporter.
 20206 | Gauntlet | Found a transporter.
 20214 | Gauntlet | Found a transporter.
 20218 | Gauntlet | Found a transporter.
 20226 | Gauntlet | Found a transporter.
 20261 | Gauntlet | Found a transporter.
 20273 | Gauntlet | Found a transporter.
 20286 | Gauntlet | Found a transporter.
 20299 | Gauntlet | Found a transporter.
 20351 | Gauntlet | XOM: potion effect (berserk rage)
 20358 | Gauntlet | XOM: potion effect (heal wounds)
 20532 | Gauntlet | XOM is BORED!
 20532 | Gauntlet | XOM: silly message
 20564 | Gauntlet | XOM: torment (53/75 hp)
 20695 | Gauntlet | Identified the +2 cloak of Veutia Axzo {rPois}
 20709 | Gauntlet | Identified the +5 chain mail of Depression {+Fly Dex+5
                  | Stlth+}
 20728 | Gauntlet | Reached XP level 14. HP: 69/79 MP: 24/27
 20831 | Gauntlet | XOM: destruction
 20921 | Gauntlet | Identified the +0 cloak of Mental Paralysis {Dex+6}
 20948 | Gauntlet | Identified the +0 scale mail of Hubris {rC+++ rCorr Int-5
                  | SInv}
 20948 | Gauntlet | Identified the +0 kite shield "Caffafisum" {rN+ Str+6 Int+2
                  | SInv}
 21128 | Lair:1   | XOM: 1-stop teleportation journey
 21238 | Lair:1   | XOM: swap monsters
 21320 | Lair:1   | XOM: chaos cloud
 21322 | Lair:1   | Reached skill level 1 in Shields
 21405 | Lair:1   | XOM: give mutations
 21405 | Lair:1   | Gained mutation: You are very frail. (-20% HP) [Xom's
                  | mischief]
 21405 | Lair:1   | Lost mutation: You are very frail. (-20% HP) [Xom's
                  | mischief]
 21405 | Lair:1   | Lost mutation: You expend magic power (3 MP) to strengthen
                  | your wands. [Xom's mischief]
 21405 | Lair:1   | Lost mutation: You are frail. (-10% HP) [Xom's mischief]
 22317 | Lair:2   | XOM: divination: magic mapping
 22373 | Lair:2   | Identified the +1 scale mail of Hadjma {rElec rPois}
 22552 | Lair:2   | XOM: 7-stop teleportation journey
 22598 | Lair:2   | XOM: fake destruction
 22603 | Lair:2   | XOM: summons friendly crimson imp
 22619 | Lair:2   | Reached skill level 10 in Spellcasting
 22759 | Lair:2   | Found a runed translucent gate.
 22759 | Lair:2   | Found a runed translucent gate.
 22759 | Lair:2   | Found a runed translucent gate.
 22760 | Lair:2   | Noticed Neix's ghost (journeyman BaSk)
 22925 | Lair:2   | XOM: give mutations
 22925 | Lair:2   | Gained mutation: Your spells are a little harder to cast,
                  | but a little more powerful. [Xom's grace]
 22925 | Lair:2   | Gained mutation: Your flesh is cold resistant. (rC+) [Xom's
                  | grace]
 22925 | Lair:2   | Gained mutation: You are agile. (Dex +2) [Xom's grace]
 23197 | Lair:2   | XOM: fog
 23253 | Lair:2   | XOM: divination: magic mapping
 23475 | Lair:2   | XOM: fog
 23512 | Lair:2   | XOM: god gift: 10 gold pieces
 23564 | Lair:2   | XOM: give mutations
 23564 | Lair:2   | Lost mutation: You are somewhat resistant to both further
                  | mutation and mutation removal. [Xom's grace]
 23564 | Lair:2   | Lost mutation: You are somewhat resistant to further
                  | mutation. [Xom's grace]
 23564 | Lair:2   | Gained mutation: You evolve. [Xom's grace]
 23564 | Lair:2   | Gained mutation: Your spells are harder to cast, but more
                  | powerful. [Xom's grace]
 23564 | Lair:2   | Gained mutation: Your flesh is heat resistant. (rF+) [Xom's
                  | grace]
 23609 | Lair:2   | XOM: enchant monster (good)
 23622 | Lair:2   | Killed Neix's ghost
 23652 | Lair:3   | XOM: summons 10 friendly demons
 23707 | Lair:3   | Reached skill level 5 in Shields
 23810 | Lair:3   | XOM: give mutations
 23810 | Lair:3   | Gained mutation: You are very agile. (Dex +4) [Xom's grace]
 23810 | Lair:3   | Gained mutation: You are robust. (+10% HP) [Xom's grace]
 23810 | Lair:3   | Gained mutation: You expend magic power (3 MP) to
                  | strengthen your wands. [Xom's grace]
 23810 | Lair:3   | Lost mutation: Scrolls take you a little longer to read.
                  | [Xom's grace]
 23810 | Lair:3   | Gained mutation: You have supernaturally acute eyesight.
                  | (SInv) [Xom's grace]
 23840 | Lair:3   | XOM: cleaving
 24058 | Lair:3   | Found a runed translucent gate.
 24058 | Lair:3   | Found a runed translucent gate.
 24058 | Lair:3   | Found a runed translucent gate.
 24060 | Lair:3   | Noticed Paluwo's ghost (journeyman TrMo)
 24090 | Lair:3   | XOM: scenery: create altars
 24271 | Lair:3   | XOM: noise
 24272 | Lair:3   | Found a staircase to the Swamp.
 24352 | Lair:2   | XOM: silly message
 24470 | Lair:3   | XOM: potion effect (haste)
 24569 | Lair:3   | XOM: noise
 24591 | Lair:3   | XOM: smoke on damage
 24637 | Lair:3   | XOM is BORED!
 24637 | Lair:3   | XOM: summons 2 hostile demons
 24992 | Lair:3   | Found a viscous altar of Jiyva.
 25037 | Lair:2   | XOM: enchant monster (good)
 25051 | Lair:2   | Killed Paluwo's ghost
 25162 | Lair:2   | XOM: noise
 25325 | Lair:4   | Found a hole to the Spider Nest.
 25423 | Lair:4   | XOM: give mutations
 25423 | Lair:4   | Lost mutation: You possess an exceptional clarity of mind.
                  | [Xom's mischief]
 25423 | Lair:4   | Lost mutation: Your flesh is heat resistant. (rF+) [Xom's
                  | mischief]
 25423 | Lair:4   | Lost mutation: You are weak. (Str -2) [Xom's mischief]
 25444 | Lair:4   | XOM: confuse monster(s)
 25559 | Lair:4   | XOM: swap monsters
 25570 | Lair:4   | XOM: divination: detect creatures
 25699 | Lair:4   | XOM: noise
 25811 | Lair:4   | XOM: repel stairs
 25813 | Lair:4   | XOM: confusion
 25817 | Lair:4   | Reached XP level 15. HP: 101/103 MP: 28/30
 26157 | Lair:5   | Reached skill level 10 in Shields
 26312 | Lair:5   | Found a viscous altar of Jiyva.
 26312 | Lair:5   | Found a staircase to the Slime Pits.
 26443 | Lair:5   | XOM: fog
 26545 | Lair:5   | XOM: give mutations
 26545 | Lair:5   | Gained mutation: You are strong-willed. (Will+) [Xom's
                  | grace]
 26545 | Lair:5   | Gained mutation: Your mind is acute. (Int +2) [Xom's grace]
 26815 | Lair:5   | XOM: god gift: quarterstaff {god gift}
 26942 | Lair:5   | XOM: god gift: 18 bolts
 27035 | Lair:6   | Entered Level 6 of the Lair of Beasts
 27044 | Lair:6   | XOM: cast spell 'Monstrous Menagerie'
 27060 | Lair:6   | XOM: potion effect (heal wounds)
 27230 | Lair:6   | XOM: 7-stop teleportation journey
 27471 | Lair:6   | Gained mutation: You are highly strong-willed. (Will++)
                  | [evolution]
 27471 | Lair:6   | Lost mutation: You evolve. [end of evolution]
 27515 | Lair:6   | XOM: 1-stop teleportation journey
 27707 | Lair:1   | XOM: summons 2 hostile demons
 27830 | D:6      | Bought a ring of protection from fire for 350 gold pieces
 28233 | Lair:6   | XOM: potion effect (curing)
 28234 | Lair:6   | XOM: silly message
 28240 | Lair:6   | XOM: potion effect (brilliance)
 28290 | Lair:6   | XOM: potion effect (invisibility)
 28294 | Lair:6   | XOM: potion effect (magic)
 28576 | Lair:6   | XOM: summons 15 friendly demons
 28875 | Lair:6   | XOM: summons 1 hostile shadow creature
 29018 | Lair:6   | XOM: swap monsters
 29036 | Lair:6   | XOM: confuse monster(s)
 29044 | Lair:6   | XOM: enchant monster (bad)
 29188 | Lair:6   | XOM: silly message
 29190 | Lair:6   | XOM: stat loss: -1 Dex (31/32)
 29199 | Lair:6   | Reached XP level 16. HP: 90/110 MP: 23/31
 29676 | D:8      | Killed kae's ghost
 29745 | D:8      | XOM is BORED!
 29745 | D:8      | XOM: silly message
 29853 | Orc:1    | Entered Level 1 of the Orcish Mines
 30229 | Orc:1    | Reached skill level 1 in Conjurations
 30327 | Orc:1    | Reached skill level 1 in Transmutations
 30360 | Orc:1    | Reached skill level 2 in Conjurations
 30387 | Orc:1    | XOM: enchant monster (bad)
 30733 | Orc:1    | Reached skill level 3 in Conjurations
 30809 | Orc:1    | XOM: silly message
 30811 | Orc:1    | Reached skill level 4 in Conjurations
 30840 | Orc:1    | XOM is BORED!
 30936 | Orc:1    | Identified the +1 robe of the Watchman {rPois Will++ Int-2}
 30939 | Orc:1    | Identified the +0 chain mail of Cushosoe {Will+}
 30952 | Orc:1    | Found the +9 heavy crossbow "Sniper" {vorpal, Acc+∞ SInv}
 30953 | Orc:1    | Identified the +1 trident of the Median {drain, rElec
                  | Stlth+}
 30957 | Orc:1    | Identified the +5 arbalest of the Nexus {penet, rElec rC+
                  | Will- Str+3}
 30959 | Orc:1    | Identified the +5 hand crossbow of Sycoecw {speed, +Inv
                  | Str+2 Stlth-}
 30974 | Orc:1    | Identified the +4 dagger "Suhimuu" {freeze, rPois}
 31060 | Orc:2    | Entered Level 2 of the Orcish Mines
 31067 | Orc:2    | XOM: summons 3 friendly demons
 31114 | Orc:2    | Found a staircase to the Elven Halls.
 31204 | Orc:2    | XOM: 5-stop teleportation journey
 31206 | Orc:2    | Reached skill level 5 in Conjurations
 31217 | Orc:2    | XOM: cast spell 'Summon Ice Beast'
 31225 | Orc:2    | XOM: potion effect (might)
 31281 | Orc:2    | XOM: god gift: 1157 gold pieces
 31344 | Orc:1    | XOM: stat loss: -1 Str (25/26)
 31371 | Orc:1    | XOM: god gift: lightning rod (inert)
 31754 | Orc:2    | XOM: 8-stop teleportation journey
 31852 | Orc:2    | XOM: cast spell 'Cause Fear'
 31903 | Orc:2    | XOM: divination: magic mapping
 32203 | Orc:2    | Found Myddoi's Distillery.
 32204 | Orc:2    | Found Xeont's General Store.
 32339 | Orc:1    | XOM: give mutation
 32339 | Orc:1    | Lost mutation: Your spells are harder to cast, but more
                  | powerful. [Xom's mischief]
 32346 | Orc:2    | Reached skill level 6 in Conjurations
 32375 | Orc:2    | XOM: give mutations
 32375 | Orc:2    | Gained mutation: You possess an exceptional clarity of
                  | mind. [Xom's grace]
 32375 | Orc:2    | Gained mutation: You have a pair of antennae on your head.
                  | [Xom's grace]
 32375 | Orc:2    | Gained mutation: You are very robust. (+20% HP) [Xom's
                  | grace]
 32375 | Orc:2    | Gained mutation: Your skin changes colour to match your
                  | surroundings (Stealth+). [Xom's grace]
 32461 | Orc:2    | XOM: polymorph orc warrior -> boggart
 32495 | Orc:2    | Bought a +1 plate armour of cold resistance for 350 gold
                  | pieces
 32520 | Orc:2    | XOM: 3-stop teleportation journey
 32606 | Orc:2    | XOM: noise
 32642 | Orc:2    | XOM: 1-stop teleportation journey
 32698 | Orc:2    | XOM: enchant monster (bad)
 32714 | Orc:2    | XOM: cast spell 'Statue Form'
 32733 | Orc:2    | Reached skill level 7 in Conjurations
 32747 | Orc:2    | Found Xyby's Book Boutique.
 32747 | Orc:2    | Found Qujaih's Antique Weapon Shop.
 32748 | Orc:2    | Found a one-way gate leading to the halls of Pandemonium.
 32783 | Orc:2    | XOM: silly message
 33080 | Orc:2    | Upgraded the game from 0.27-a0-562-g0d39f094a4 to
                  | 0.27-a0-577-ge2a43ba0c9
 33258 | D:12     | Bought the +9 scimitar of Blind Justice {speed, Will-
                  | Int+4} for 1227 gold pieces
 33494 | Spider:1 | Entered Level 1 of the Spider Nest
 33851 | Spider:1 | XOM: scenery: create altars
 33862 | Spider:1 | Reached skill level 5 in Transmutations
 33943 | Spider:1 | Reached skill level 8 in Conjurations
 34092 | Spider:1 | XOM: divination: magic mapping
 34673 | Spider:1 | XOM: summons 4 hostile demons
 34908 | Spider:2 | XOM: noise
 35090 | Spider:2 | Reached XP level 17. HP: 124/124 MP: 22/32
 35188 | Spider:2 | Noticed Arachne
 35193 | Spider:2 | XOM: 1-stop teleportation journey
 35368 | Spider:2 | XOM: 1-stop teleportation journey
 35371 | Spider:2 | Reached skill level 9 in Conjurations
 35376 | Spider:2 | Killed Arachne
 35385 | Spider:2 | XOM: swap monsters
 35574 | Spider:2 | XOM: 1-stop teleportation journey
 35800 | Spider:2 | XOM: 1-stop teleportation journey
 35951 | Spider:2 | XOM: god gift: morningstar {god gift}
 35962 | Spider:2 | XOM: potion effect (berserk rage)
 36444 | Spider:2 | XOM: divination: detect creatures
 36534 | Spider:3 | XOM: summons friendly white imp
 36590 | Spider:3 | XOM: give mutations
 36590 | Spider:3 | Gained mutation: Your mind is very acute. (Int +4) [Xom's
                  | grace]
 36590 | Spider:3 | Gained mutation: Your spells are harder to cast, but more
                  | powerful. [Xom's grace]
 36590 | Spider:3 | Gained mutation: Your flesh is very cold resistant. (rC++)
                  | [Xom's grace]
 36590 | Spider:3 | Gained mutation: You have a pair of large antennae on your
                  | head. (SInv) [Xom's grace]
 36679 | Spider:2 | XOM: give mutation
 36679 | Spider:2 | Gained mutation: You are extremely strong-willed. (Will+++)
                  | [Xom's grace]
 36892 | Spider:3 | Reached skill level 10 in Conjurations
 36897 | Spider:3 | XOM: confuse monster(s)
 36914 | Spider:3 | XOM: summons 7 friendly demons
 36918 | Spider:3 | XOM: cast spell 'Death Channel'
 36921 | Spider:3 | Reached skill level 15 in Shields
 36928 | Spider:3 | XOM: 5-stop teleportation journey
 37328 | Spider:4 | Entered Level 4 of the Spider Nest
 37338 | Spider:4 | XOM: cast spell 'Olgreb's Toxic Radiance'
 37633 | Spider:4 | XOM: silly message
 37849 | Spider:4 | XOM: cleaving
 37862 | Spider:4 | Reached skill level 1 in Long Blades
 37892 | Spider:4 | Noticed Bai Suzhen
 37906 | Spider:4 | XOM: potion effect (might)
 37912 | Spider:4 | XOM: fake destruction
 38051 | Spider:4 | XOM: divination: detect items
 38144 | Spider:3 | Killed Bai Suzhen
 38145 | Spider:3 | Reached skill level 11 in Conjurations
 38233 | Spider:4 | XOM: 1-stop teleportation journey
 38933 | Spider:4 | XOM: give mutations
 38933 | Spider:4 | Gained mutation: Your natural rate of healing is unusually
                  | fast. [Xom's grace]
 38933 | Spider:4 | Gained mutation: You evolve. [Xom's grace]
 38933 | Spider:4 | Gained mutation: Your muscles are strong. (Str +2) [Xom's
                  | grace]
 39021 | Spider:4 | XOM: polymorph jumping spider -> lindwurm
 39223 | Spider:4 | XOM: cast spell 'Death Channel'
 39339 | Spider:4 | XOM: confuse monster(s)
 39368 | Spider:4 | XOM: cleaving
 39400 | Spider:4 | XOM: cast spell 'Summon Mana Viper'
 39403 | Spider:4 | Reached XP level 18. HP: 72/132 MP: 5/33
 39432 | Spider:4 | Gained mutation: You rapidly evolve. [evolution]
 39545 | Spider:4 | Got a gossamer rune of Zot
 39744 | Swamp:1  | Entered Level 1 of the Swamp
 39751 | Swamp:1  | Reached skill level 12 in Conjurations
 39776 | Swamp:1  | XOM: give mutations
 39776 | Swamp:1  | Lost mutation: You are very agile. (Dex +4) [Xom's
                  | mischief]
 39776 | Swamp:1  | Lost mutation: You are agile. (Dex +2) [Xom's mischief]
 39875 | Swamp:1  | You are sucked into a shaft and drop 1 floor!
 39904 | Swamp:1  | XOM: give mutations
 39904 | Swamp:1  | Lost mutation: You rapidly evolve. [Xom's grace]
 39904 | Swamp:1  | Lost mutation: You evolve. [Xom's grace]
 39904 | Swamp:1  | Gained mutation: You are somewhat resistant to further
                  | mutation. [Xom's grace]
 39904 | Swamp:1  | Gained mutation: Your muscles are very strong. (Str +4)
                  | [Xom's grace]
 39906 | Swamp:1  | Noticed Nikola
 39927 | Swamp:1  | Killed Nikola
 39927 | Swamp:1  | XOM: 3-stop teleportation journey
 39932 | Swamp:1  | XOM: polymorph tyrant leech -> ettin
 39938 | Swamp:1  | Reached skill level 13 in Conjurations
 39973 | Swamp:1  | Noticed Frances
 39987 | Swamp:1  | Killed Frances
 40229 | Swamp:1  | You are sucked into a shaft and drop 1 floor!
 40288 | Swamp:2  | XOM: stat loss: -1 Int (28/29)
 40297 | Swamp:2  | Reached skill level 14 in Conjurations
 40406 | Swamp:1  | XOM: god gift: 49 gold pieces
 40568 | Swamp:1  | XOM: draining
 40814 | Swamp:2  | XOM: 1-stop teleportation journey
 41256 | Swamp:3  | XOM: butterfly on damage
 41485 | Swamp:3  | XOM: chaos cloud
 41815 | Swamp:3  | Reached skill level 15 in Conjurations
 41865 | Swamp:3  | Learned a level 4 spell: Iskenderun's Mystic Blast
 41901 | Swamp:4  | Entered Level 4 of the Swamp
 41917 | Swamp:4  | XOM: summons 10 hostile demons
 41973 | Swamp:4  | XOM: give mutations
 41973 | Swamp:4  | Gained mutation: Your spells are much harder to cast, but
                  | much more powerful. [Xom's grace]
 41973 | Swamp:4  | Gained mutation: You passively map a small area around you.
                  | [Xom's grace]
 41973 | Swamp:4  | Gained mutation: You are resistant to electric shocks.
                  | (rElec) [Xom's grace]
 41973 | Swamp:4  | Gained mutation: You are somewhat resistant to both further
                  | mutation and mutation removal. [Xom's grace]
 41981 | Swamp:4  | XOM: summons 9 hostile demons
 42050 | Swamp:4  | XOM: summons friendly quasit
 42258 | Swamp:4  | Reached skill level 10 in Armour
 42427 | Swamp:4  | XOM: destruction
 42443 | Swamp:4  | XOM: cast spell 'Summon Ice Beast'
 42516 | Swamp:4  | XOM: cast spell 'Summon Mana Viper'
 42534 | Swamp:4  | XOM: polymorph mana viper -> shapeshifter
 42548 | Swamp:4  | XOM: silly message
 42572 | Swamp:4  | XOM: swap monsters
 42586 | Swamp:4  | XOM: enchant monster (good)
 42679 | Swamp:4  | XOM: enchant monster (bad)
 42733 | Swamp:4  | XOM: give mutations
 42733 | Swamp:4  | Lost mutation: Your muscles are very strong. (Str +4)
                  | [Xom's mischief]
 42733 | Swamp:4  | Lost mutation: Your skin changes colour to match your
                  | surroundings (Stealth+). [Xom's mischief]
 42733 | Swamp:4  | Lost mutation: Your movements are slightly less encumbered
                  | by armour. (ER -2) [Xom's mischief]
 42733 | Swamp:4  | Lost mutation: You possess an exceptional clarity of mind.
                  | [Xom's mischief]
 42767 | Swamp:4  | XOM: polymorph four-headed hydra -> ghost moth
 42771 | Swamp:4  | XOM: summons 4 friendly demons
 42933 | Swamp:4  | Noticed the 27-headed Lernaean hydra
 42941 | Swamp:4  | Killed the 27-headed Lernaean hydra
 42942 | Swamp:4  | Reached XP level 19. HP: 127/136 MP: 23/35
 42955 | Swamp:4  | Got a decaying rune of Zot
 43197 | Swamp:4  | XOM: god gift: buckler {god gift}
 43285 | Swamp:4  | XOM is BORED!
 43515 | Elf:1    | Entered Level 1 of the Elven Halls
 43517 | Elf:1    | Acquired 1046 gold pieces
 43702 | D:12     | Bought the +8 orange crystal plate armour {Archmagi, Int+3
                  | Clar} for 2601 gold pieces
 43702 | D:12     | Found the +8 orange crystal plate armour {Archmagi, Int+3
                  | Clar}
 43946 | Elf:1    | XOM: god gift: 22 sling bullets
 43953 | Elf:1    | XOM: divination: detect items
 43973 | Elf:1    | XOM: cast spell 'Discord'
 43984 | Elf:1    | XOM: confuse monster(s)
 44060 | Elf:1    | XOM: enchant monster (good)
 44070 | Elf:1    | Noticed an Ice Fiend
 44141 | Elf:1    | Noticed a Hell Sentinel
 44151 | Elf:1    | Found a runed translucent gate.
 44151 | Elf:1    | Found a runed translucent gate.
 44151 | Elf:1    | Found a runed translucent gate.
 44151 | Elf:1    | Found a runed translucent gate.
 44151 | Elf:1    | Found a runed translucent gate.
 44152 | Elf:1    | XOM: silly message
 44158 | Elf:1    | Found a runed translucent gate.
 44215 | Elf:1    | XOM: silly message
 44541 | Elf:1    | XOM: noise
 44668 | Elf:1    | Learned a level 2 spell: Passwall
 44672 | Elf:1    | XOM: divination: detect creatures
 44710 | Elf:1    | Identified the Handbook of Blows and Bruises and Summoning
 44988 | Elf:1    | Found a radiant altar of Vehumet.
 45233 | Elf:1    | Reached skill level 5 in Long Blades
 45510 | Elf:1    | Lost mutation: Your muscles are strong. (Str +2) [mutagenic
                  | glow]
 45687 | Elf:2    | Found a runed translucent door.
 45696 | Elf:2    | Found a runed translucent door.
 45889 | Elf:2    | Reached skill level 1 in Earth Magic
 46020 | Elf:2    | XOM: scenery: 1 fountains blood, 1 doors close
 46022 | Elf:2    | XOM: confuse monster(s)
 46056 | Elf:2    | XOM: blink monster(s)
 46090 | Elf:2    | XOM: destruction
 46094 | Elf:2    | XOM: enchant monster (bad)
 46187 | Elf:2    | Reached skill level 5 in Throwing
 46429 | Elf:2    | XOM: potion effect (haste)
 46458 | Elf:2    | Reached XP level 20. HP: 135/145 MP: 36/36
 46835 | Elf:2    | Reached skill level 10 in Transmutations
 46919 | Elf:3    | Entered Level 3 of the Elven Halls
 46977 | Elf:3    | Found Gutueh's Weapon Shoppe.
 47011 | Elf:3    | XOM: noise
 47037 | Elf:3    | Found a magical portal.
 47042 | WizLab   | Entered Iskenderun's Mystic Tower
 47065 | WizLab   | XOM: summons 15 friendly demons
 47080 | WizLab   | XOM: enchant monster (good)
 47082 | WizLab   | XOM: silly message
 47128 | WizLab   | XOM: god gift: spear {god gift}
 47221 | WizLab   | XOM: cast spell 'Statue Form'
 47229 | WizLab   | XOM: potion effect (heal wounds)
 47278 | WizLab   | XOM: scenery: create altars
 47296 | WizLab   | XOM: blink monster(s)
 47713 | WizLab   | XOM: cloud trail
 47736 | WizLab   | XOM: divination: detect items
 47846 | WizLab   | Reached skill level 5 in Stealth
 47876 | WizLab   | Identified Iskenderun's Tome of Blows and Bruises
 47876 | WizLab   | Identified Iskenderun's Grimoire of Conjuration
 48088 | Elf:3    | XOM: enchant monster (good)
 48105 | Elf:3    | XOM: divination: detect items
 48206 | Elf:3    | XOM: potion effect (invisibility)
 48277 | Elf:3    | XOM: silly message
 48302 | Elf:3    | Found Zihaet's Weapon Emporium.
 48306 | Elf:3    | Found Tipit's Book Shoppe.
 48307 | Elf:3    | Found Leohuon's Weapon Emporium.
 48368 | Elf:3    | Identified the +1 glaive of Dissolution {speed, +Blink rF+
                  | rN+ Dex-4}
 48370 | Elf:3    | XOM: enchant monster (good)
 48372 | Elf:3    | XOM: give mutations
 48372 | Elf:3    | Gained mutation: You are almost entirely resistant to
                  | further mutation and mutation removal. [Xom's grace]
 48372 | Elf:3    | Gained mutation: You are extremely robust. (+30% HP) [Xom's
                  | grace]
 48372 | Elf:3    | Gained mutation: You are partially covered in molten
                  | scales. (AC +2) [Xom's grace]
 48474 | Elf:3    | XOM: polymorph sixfirhy -> rust devil
 48507 | Elf:3    | XOM: 3-stop teleportation journey
 48712 | Elf:3    | XOM: silly message
 49006 | Elf:3    | Identified the +9 demon trident "Ypsify" {flame, rElec rC++
                  | Will+ MP+9}
 49012 | Elf:3    | Reached XP level 21. HP: 147/166 MP: 31/37
 49022 | Elf:3    | XOM: cleaving
 49058 | Elf:3    | Identified the Collected Works on Creative Attacks
 49123 | Elf:3    | Found the brooch of Shielding {Spirit SH+8}
 49129 | Elf:3    | Identified the +6 shortbow of Ancient Evil {venom, rF+
                  | Dex+4}
 49133 | Elf:3    | Identified the +2 troll leather armour "Ecumooj" {rElec
                  | Regen+ Stlth+}
 49145 | Elf:3    | Identified the ring "Xymuqub" {Ice +Blink Int+4 Dex+4}
 49261 | Elf:3    | XOM: scenery: summon butterflies
 49279 | Elf:3    | XOM: god gift: 2 javelins
 49479 | D:13     | XOM: cleaving
 49484 | D:13     | XOM: fake destruction
 49524 | D:13     | XOM: 6-stop teleportation journey
 49871 | D:13     | XOM: 2-stop teleportation journey
 49951 | D:13     | Found a gate to the Vaults.
 50405 | D:13     | XOM: give mutations
 50405 | D:13     | Lost mutation: You are almost entirely resistant to further
                  | mutation and mutation removal. [Xom's mischief]
 50405 | D:13     | Lost mutation: You are resistant to electric shocks.
                  | (rElec) [Xom's mischief]
 50870 | D:14     | Found a frozen archway.
 50876 | D:14     | Reached skill level 16 in Conjurations
 50888 | IceCv    | Entered an ice cave
 50909 | IceCv    | Found a transporter.
 50925 | IceCv    | Found a transporter.
 51021 | D:14     | Noticed Josephine
 51027 | D:14     | Killed Josephine
 51091 | D:14     | XOM: polymorph troll -> raiju
 51254 | D:14     | Noticed Azrael
 51256 | D:14     | XOM: cast spell 'Cause Fear'
 51259 | D:14     | Killed Azrael
 51467 | D:14     | Noticed Agnes
 51475 | D:14     | Killed Agnes
 51502 | D:14     | Found an iron altar of Okawaru.
 51842 | D:15     | Entered Level 15 of the Dungeon
 51856 | D:15     | XOM: chaos upgrade
 51882 | D:15     | XOM: chaos cloud
 51906 | D:15     | XOM: chaos upgrade
 51954 | D:15     | Found a staircase to the Depths.
 52189 | D:15     | Noticed Jorgrun
 52191 | D:15     | XOM: enchant monster (bad)
 52205 | D:15     | Killed Jorgrun
 52241 | D:15     | Found a runed translucent gate.
 52241 | D:15     | Found a runed translucent gate.
 52241 | D:15     | Found a runed translucent gate.
 52241 | D:15     | Noticed Okhlofrez's ghost (adept DESu)
 52253 | D:15     | XOM: silly message
 52255 | D:15     | Killed Okhlofrez's ghost
 52256 | D:15     | XOM: torment (100/167 hp)
 52260 | D:15     | XOM: 1-stop teleportation journey
 52328 | D:15     | XOM: silly message
 52436 | D:15     | Noticed Kirke
 52450 | D:15     | Killed Kirke
 52485 | D:15     | Noticed Nessos
 52490 | D:15     | Killed Nessos
 52759 | D:15     | Identified the +2 robe of Fortitude {Harm rPois rC+ Str-2}
 52769 | D:15     | XOM: noise
 52951 | D:15     | XOM: divination: detect items
 53100 | D:15     | Found a sacrificial altar of Ru.
 53203 | Vaults:1 | Entered Level 1 of the Vaults
 53504 | Vaults:1 | XOM: cloud trail
 53642 | Vaults:1 | XOM: polymorph centaur -> worm
 53840 | Vaults:1 | Found Puto's General Store.
 53848 | Vaults:1 | Bought a scroll of immolation for 70 gold pieces
 54010 | Vaults:1 | XOM: 2-stop teleportation journey
 54140 | Vaults:1 | XOM: fog
 54376 | Vaults:1 | XOM: confuse monster(s)
 54830 | Vaults:2 | Noticed Asterion
 54836 | Vaults:2 | Killed Asterion
 54900 | Vaults:2 | Reached skill level 10 in Evocations
 54914 | Vaults:2 | Found Synonaeh's Antique Weapon Shop.
 54923 | Vaults:2 | Reached XP level 22. HP: 175/175 MP: 39/39
 54970 | Vaults:2 | Bought a translucent rapier for 369 gold pieces
 54970 | Vaults:2 | Identified the +1 rapier "Imp's Foe" {vorpal, +Fly Will+
                  | Str+4 Dex-2} (You bought it in a shop on level 2 of the
                  | Vaults)
 55063 | Vaults:2 | XOM: noise
 55071 | Vaults:2 | XOM: enchant monster (bad)
 55128 | Vaults:2 | XOM: 3-stop teleportation journey
 55181 | Vaults:2 | XOM: enchant monster (bad)
 55208 | Vaults:2 | XOM: potion effect (haste)
 55247 | Vaults:2 | XOM: divination: magic mapping
 55389 | Vaults:2 | XOM: cloud trail
 55422 | Vaults:2 | XOM: silly message
 55476 | Vaults:2 | XOM: cast spell 'Olgreb's Toxic Radiance'
 55481 | Vaults:2 | Reached skill level 17 in Conjurations
 55545 | Vaults:2 | XOM: cast spell 'Summon Mana Viper'
 55655 | Vaults:2 | Reached skill level 10 in Long Blades
 56058 | Vaults:2 | XOM: scenery: 2 doors close
 56076 | Vaults:2 | Found a staircase to the Crypt.
 56076 | Vaults:2 | Found a basalt altar of Yredelemnul.
 56077 | Vaults:2 | Found an ancient bone altar of Kikubaaqudgha.
 56216 | Vaults:2 | XOM: scenery: 1 doors close
 56376 | Vaults:3 | Identified the +5 halberd "Upesaq" {venom, rN+ Int+2}
 56412 | Vaults:3 | XOM: 2-stop teleportation journey
 56617 | Vaults:3 | XOM: cast spell 'Summon Small Mammal'
 56873 | Vaults:3 | XOM: potion effect (invisibility)
 57517 | Vaults:3 | XOM is BORED!
 57603 | Vaults:3 | XOM: polymorph yaktaur -> yak
 57657 | Vaults:3 | XOM: stat loss: -1 Dex (28/29)
 57726 | Vaults:3 | Identified the +4 plate armour of Woucet {*Slow rElec
                  | Regen+ rCorr}
 58121 | Vaults:4 | Found Kiacibri's Assorted Antiques.
 58221 | Vaults:4 | XOM: divination: detect creatures
 58227 | Vaults:4 | XOM: noise
 58233 | Vaults:4 | XOM: divination: magic mapping
 58419 | Vaults:4 | Acquired 681 gold pieces
 58547 | Vaults:4 | XOM: give mutations
 58547 | Vaults:4 | Lost mutation: Your system is resistant to poisons. (rPois)
                  | [Xom's mischief]
 58547 | Vaults:4 | Lost mutation: Your mind is very acute. (Int +4) [Xom's
                  | mischief]
 58754 | Vaults:4 | Reached XP level 23. HP: 184/184 MP: 40/40
 58799 | Vaults:4 | Found Gozag's Antique Weapon Shop.
 58926 | Vaults:4 | Found Gozag's Assorted Antiques.
 58927 | Vaults:4 | Found an opulent altar of Gozag.
 58933 | Vaults:4 | Found Gozag's Antique Weapon Boutique.
 58952 | Vaults:4 | XOM: give mutations
 58952 | Vaults:4 | Lost mutation: Your mind is acute. (Int +2) [Xom's
                  | mischief]
 58952 | Vaults:4 | Lost mutation: You are extremely strong-willed. (Will+++)
                  | [Xom's mischief]
 58952 | Vaults:4 | Lost mutation: Your flesh is very cold resistant. (rC++)
                  | [Xom's mischief]
 58952 | Vaults:4 | Lost mutation: Your spells are much harder to cast, but
                  | much more powerful. [Xom's mischief]
 59105 | Vaults:4 | XOM: 1-stop teleportation journey
 59107 | Vaults:4 | XOM: enchant monster (bad)
 59300 | Vaults:4 | XOM: swap monsters
 59397 | Vaults:4 | XOM: 1-stop teleportation journey
 59640 | Vaults:4 | XOM: swap monsters
 60107 | Depths:1 | Entered Level 1 of the Depths
 60109 | Depths:1 | XOM: 1-stop teleportation journey
 60145 | Depths:1 | Reached skill level 1 in Polearms
 60154 | Depths:1 | Reached skill level 18 in Conjurations
 60173 | Depths:1 | Found a gateway to Hell.
 60210 | Depths:1 | Found a burning altar of Makhleb.
 60278 | Depths:1 | XOM: chaos upgrade
 60349 | Depths:1 | Found a burning altar of Makhleb.
 60350 | Depths:1 | Found the +14 obsidian axe {vorpal, *Drain +Fly SInv}
 60367 | Depths:1 | XOM: summons 9 hostile demons
 60377 | Depths:1 | Reached skill level 5 in Polearms
 60391 | Depths:1 | XOM: 2-stop teleportation journey
 60393 | Depths:1 | Noticed the Enchantress
 60465 | Depths:1 | XOM: give mutations
 60465 | Depths:1 | Gained mutation: Your muscles are strong. (Str +2) [Xom's
                  | grace]
 60465 | Depths:1 | Gained mutation: Your mind is acute. (Int +2) [Xom's grace]
 60465 | Depths:1 | Gained mutation: Your mind is very acute. (Int +4) [Xom's
                  | grace]
 60465 | Depths:1 | Gained mutation: You are almost entirely resistant to
                  | further mutation and mutation removal. [Xom's grace]
 60474 | Depths:1 | Found a runed translucent door.
 60474 | Depths:1 | XOM: 4-stop teleportation journey
 60478 | Depths:1 | XOM: divine lightning
 60482 | Depths:1 | XOM: fog
 60484 | Depths:1 | XOM: scenery: 1 doors open
 60501 | Depths:1 | XOM: polymorph cyan very ugly thing -> white very ugly
                  | thing
 60506 | Depths:1 | XOM: scenery: 1 doors close
 60512 | Depths:1 | XOM: scenery: create altars
 60517 | Depths:1 | XOM: cleaving
 60534 | Depths:1 | XOM: god gift: wand of iceblast (6)
 60580 | D:15     | XOM: give mutations
 60580 | D:15     | Gained mutation: You are extremely strong-willed. (Will+++)
                  | [Xom's grace]
 60580 | D:15     | Gained mutation: You passively map the area around you.
                  | [Xom's grace]
 60839 | Depths:1 | XOM: divine lightning
 60844 | Depths:1 | XOM: fog
 60846 | Depths:1 | XOM: confuse monster(s)
 60874 | Depths:1 | Learned a level 2 spell: Wereblood
 61032 | Depths:1 | Reached skill level 10 in Polearms
 61053 | Depths:1 | XOM: scenery: create altars
 61054 | Depths:1 | Killed the Enchantress
 61161 | Depths:1 | XOM: summons friendly iron imp
 61168 | Depths:1 | XOM: fake destruction
 61201 | Depths:1 | Found a gateway to a ziggurat.
 61508 | Depths:2 | XOM: noise
 61528 | Depths:2 | XOM: god gift: 18 gold pieces
 61626 | Depths:2 | Found a transporter.
 61643 | Depths:2 | XOM: potion effect (invisibility)
 61654 | Depths:2 | XOM: potion effect (berserk rage)
 61655 | Depths:2 | XOM: divination: magic mapping
 61658 | Depths:2 | XOM: enchant monster (bad)
 61751 | Depths:2 | Reached XP level 24. HP: 184/192 MP: 40/40
 61774 | Depths:2 | XOM: silly message
 61787 | Depths:2 | XOM: cast spell 'Statue Form'
 61807 | Depths:2 | Found a transporter.
 62040 | Depths:2 | XOM: divination: detect items
 62080 | Depths:2 | XOM: potion effect (experience)
 62080 | Depths:2 | Reached XP level 25. HP: 200/200 MP: 40/40
 62099 | Depths:2 | XOM: noise
 62289 | Depths:2 | You are sucked into a shaft and drop 2 floors!
 62387 | Depths:4 | Found a one-way gate to the infinite horrors of the Abyss.
 62401 | Depths:4 | XOM: silly message
 62402 | Depths:4 | XOM: divination: detect items
 62489 | Depths:4 | XOM: confuse monster(s)
 62546 | Depths:3 | XOM: confuse monster(s)
 62584 | Depths:2 | XOM: give mutations
 62584 | Depths:2 | Lost mutation: You have supernaturally acute eyesight.
                  | (SInv) [Xom's mischief]
 62584 | Depths:2 | Lost mutation: You expend magic power (3 MP) to strengthen
                  | your wands. [Xom's mischief]
 62584 | Depths:2 | Lost mutation: You have a pair of large antennae on your
                  | head. (SInv) [Xom's mischief]
 62945 | Depths:2 | XOM: polymorph golden dragon -> caustic shrike
 62948 | Depths:2 | Gained mutation: You tend to lose your temper in combat.
                  | [mutagenic glow]
 63045 | Depths:2 | Identified the ring of Eternity {rPois Str+2 Dex+3}
 63058 | Depths:2 | Identified the ring "Plog" {rC+ MP+9 Int+5 Dex+4}
 63230 | Depths:3 | XOM: potion effect (curing)
 63245 | Depths:3 | Learned a level 5 spell: Yara's Violent Unravelling
 63281 | Depths:3 | XOM: noise
 63377 | Depths:3 | XOM: 1-stop teleportation journey
 63386 | Depths:3 | Identified the +0 robe of Hysteria {rF++ rN+}
 63592 | Depths:3 | Reached skill level 15 in Fighting
 63616 | Depths:3 | XOM: 3-stop teleportation journey
 63709 | Depths:3 | Reached skill level 5 in Earth Magic
 63722 | Depths:3 | Reached skill level 1 in Hexes
 63757 | Depths:3 | XOM: god gift: coral ring {god gift}
 64077 | Depths:3 | Noticed a juggernaut
 64083 | Depths:3 | XOM: noise
 64087 | Depths:3 | XOM: enchant monster (bad)
 64090 | Depths:3 | Killed a juggernaut
 64108 | Depths:3 | XOM: cleaving
 64123 | Depths:3 | Noticed a juggernaut
 64124 | Depths:3 | XOM: swap monsters
 64129 | Depths:3 | XOM: 3-stop teleportation journey
 64309 | Depths:3 | XOM: chaos cloud
 64312 | Depths:3 | Killed a juggernaut
 64313 | Depths:3 | Paralysed by you for 3 turns
 64426 | Depths:3 | XOM: give mutation
 64426 | Depths:3 | Lost mutation: Your muscles are strong. (Str +2) [Xom's
                  | mischief]
 64435 | Depths:3 | Noticed a juggernaut
 64437 | Depths:3 | XOM: summons friendly iron imp
 64449 | Depths:3 | Killed a juggernaut
 64456 | Depths:3 | XOM: blink monster(s)
 64461 | Depths:3 | Identified the +8 spear of Imaeli {speed, +Rage rF- rC+}
 64544 | Depths:3 | Identified the +0 robe of Mezcal {Dex+7}
 64555 | Depths:3 | Identified the ring of Bocs {rPois rC+ Str+4 Dex-4}
 64842 | Depths:3 | XOM: give mutations
 64842 | Depths:3 | Lost mutation: Your flesh is cold resistant. (rC+) [Xom's
                  | mischief]
 64842 | Depths:3 | Lost mutation: You have a pair of antennae on your head.
                  | [Xom's mischief]
 64842 | Depths:3 | Lost mutation: You are almost entirely resistant to further
                  | mutation and mutation removal. [Xom's mischief]
 64842 | Depths:3 | Lost mutation: Your spells are harder to cast, but more
                  | powerful. [Xom's mischief]
 65049 | Depths:4 | XOM: confuse monster(s)
 65084 | Depths:4 | Noticed Boris
 65103 | Depths:4 | Killed Boris
 65104 | Depths:4 | Reached XP level 26. HP: 204/209 MP: 41/41
 65288 | Depths:3 | XOM: fog
 65324 | Depths:3 | XOM: cast spell 'Summon Small Mammal'
 65332 | Depths:3 | XOM: scenery: create altars
 65335 | Depths:3 | XOM: summons 6 friendly demons
 65365 | Depths:3 | XOM: summons 2 hostile demons
 65485 | Depths:4 | Found Bete's Bounteous Boutique.
 65487 | Depths:4 | Found the +2 ratskin cloak {*Rats rPois rN+ Str-1 Int-1
                  | Dex+1}
 65506 | Depths:4 | Bought a potion of brilliance for 80 gold pieces
 65506 | Depths:4 | Bought a scroll of blinking for 150 gold pieces
 65602 | Depths:4 | Noticed Margery
 65612 | Depths:4 | XOM: confuse monster(s)
 65615 | Depths:4 | Killed Margery
 65622 | Depths:4 | XOM: god gift: wand of flame (12)
 65625 | Depths:4 | Reached skill level 15 in Armour
 65733 | Depths:4 | XOM: scenery: 1 doors open
 66519 | Depths:3 | Reached skill level 10 in Dodging
 66589 | Depths:4 | XOM: summons 3 friendly demons
 66590 | Depths:3 | XOM: god gift: +6 trident of chaos
 66799 | D:12     | You paid a toll of +2 gold dragon scales to enter a
                  | treasure trove
 66800 | Trove    | Entered a treasure trove
 66800 | Trove    | XOM: give mutations
 66800 | Trove    | Gained mutation: You can translocate small distances at
                  | will. [Xom's grace]
 66800 | Trove    | Gained mutation: You are almost entirely resistant to
                  | further mutation and mutation removal. [Xom's grace]
 66800 | Trove    | Gained mutation: You expend magic power (3 MP) to
                  | strengthen your wands. [Xom's grace]
 66800 | Trove    | Gained mutation: You have a pair of antennae on your head.
                  | [Xom's grace]
 66820 | Trove    | Identified the +0 pair of gloves "Azeuheass" {*Drain Dex+6}
 66823 | Trove    | Identified the ring "Qozxo" {rF- rN+ Int+3 SInv Stlth+}
 66826 | Trove    | Identified the +4 ring mail of Couvaack {rC+ SInv Stlth+}
 66829 | Trove    | Identified the +0 cloak "Kaexoeth" {rElec Str+8 Slay-4}
 66833 | Trove    | Identified the +1 fire dragon scales of Amelioration {rElec
                  | rF++ rC- Str+3}
 66835 | Trove    | XOM: divination: magic mapping
 66836 | Trove    | Identified the ring "Wucsip" {rN+ rCorr Str+3 Stlth-}
 66840 | Trove    | XOM: scenery: create altars
 67092 | Depths:4 | Found a runed translucent door.
 67093 | Depths:4 | Found the amulet of the Air {Inacc +Fly rElec EV+5 RMsl}
 67093 | Depths:4 | Found a runed translucent door.
 67095 | Depths:4 | Found the +0 staff of Battle
 67095 | Depths:4 | Found the +10 morningstar "Eos" {elec, Halo rElec}
 67133 | Depths:4 | Found a runed translucent door.
 67141 | Depths:4 | Found a runed translucent door.
 67142 | Depths:4 | Identified the +5 shortbow of the Fool {vorpal, rF+ Str+3}
 67290 | Depths:5 | Entered Level 5 of the Depths
 67297 | Depths:5 | XOM: 3-stop teleportation journey
 67298 | Depths:5 | XOM: enchant monster (good)
 67443 | Depths:5 | XOM: god gift: potion of brilliance
 67527 | Depths:5 | Noticed Sojobo
 67532 | Depths:5 | Killed Sojobo
 67730 | Depths:5 | XOM: scenery: 1 doors close
 67829 | Depths:5 | XOM: god gift: 1368 gold pieces
 68021 | Depths:5 | XOM: cleaving
 68099 | Depths:5 | XOM: summons friendly hellwing
 68116 | Depths:5 | XOM: god gift: 7 atropa-tipped darts
 68119 | Depths:5 | Found a gate to the Realm of Zot.
 68122 | Depths:5 | XOM: fog
 68127 | Depths:5 | XOM: fake destruction
 68132 | Depths:5 | XOM: destruction
 68138 | Depths:5 | Reached skill level 5 in Hexes
 68480 | Depths:5 | XOM: scenery: 1 doors close
 68614 | Depths:5 | XOM: scenery: 1 doors close
 68864 | Depths:5 | XOM: god gift: wand of acid (6)
 69166 | Orc:2    | Bought a book of Spatial Translocations for 1105 gold
                  | pieces
 69166 | Orc:2    | Bought a book of Dreams for 1275 gold pieces
 69169 | Orc:2    | Learned a level 2 spell: Blink
 69201 | Orc:2    | Bought a scroll of teleportation for 30 gold pieces
 69203 | Orc:2    | Bought a potion of haste for 130 gold pieces
 69203 | Orc:2    | Bought a potion of brilliance for 52 gold pieces
 69203 | Orc:2    | Bought a potion of curing for 39 gold pieces
 69203 | Orc:2    | Bought a potion of magic for 104 gold pieces
 69203 | Orc:2    | Bought a potion of curing for 39 gold pieces
 69203 | Orc:2    | Bought a potion of might for 52 gold pieces
 69311 | D:5      | Bought a potion of might for 52 gold pieces
 69311 | D:5      | Bought a potion of might for 52 gold pieces
 69311 | D:5      | Bought 2 potions of ambrosia for 208 gold pieces
 69311 | D:5      | Bought a potion of ambrosia for 104 gold pieces
 69311 | D:5      | Bought a potion of invisibility for 104 gold pieces
 69555 | D:12     | Bought a potion of resistance for 180 gold pieces
 69555 | D:12     | Bought a scroll of teleportation for 54 gold pieces
 69713 | Vaults:4 | Bought a wand of paralysis (11) for 88 gold pieces
 69713 | Vaults:4 | Bought a scroll of immolation for 154 gold pieces
 69713 | Vaults:4 | Bought a scroll of teleportation for 132 gold pieces
 69771 | Vaults:4 | Bought a scroll of blinking for 750 gold pieces
 69959 | D:13     | XOM: scenery: create altars
 70107 | Depths:4 | Voluntarily entered the Abyss.
 70138 | Abyss:1  | XOM: summons 4 hostile demons
 70147 | Abyss:1  | Identified the +3 trident of Vodka {flame, rF+ Str+5 SInv}
 70150 | Abyss:1  | XOM: stat loss: -1 Dex (27/28)
 70335 | Abyss:2  | XOM: enchant monster (good)
 70435 | Abyss:2  | XOM: destruction
 70501 | Abyss:2  | XOM: enchant monster (good)
 70637 | Abyss:4  | XOM: divination: magic mapping
 70679 | Abyss:4  | XOM: fog
 70689 | Abyss:4  | XOM: give mutations
 70689 | Abyss:4  | Gained mutation: Your flesh is cold resistant. (rC+) [Xom's
                  | grace]
 70689 | Abyss:4  | Gained mutation: You are agile. (Dex +2) [Xom's grace]
 70689 | Abyss:4  | Gained mutation: Your spells are harder to cast, but more
                  | powerful. [Xom's grace]
 70689 | Abyss:4  | Gained mutation: You heal very quickly. [Xom's grace]
 70701 | Abyss:4  | Got an abyssal rune of Zot
 70710 | Abyss:4  | Found a corrupted altar of Lugonu.
 70712 | Depths:4 | Escaped the Abyss
 70779 | Zot:1    | Entered Level 1 of the Realm of Zot
 70779 | Zot:1    | Noticed an ancient lich
 70781 | Zot:1    | Noticed a Killer Klown
 70781 | Zot:1    | Noticed a Killer Klown
 70788 | Zot:1    | XOM: summons 14 friendly demons
 70791 | Zot:1    | Reached XP level 27. HP: 199/218 MP: 28/41
 70794 | Zot:1    | Killed an ancient lich
 70799 | Zot:1    | XOM: destruction
 70800 | Zot:1    | Reached skill level 10 in Throwing
 70821 | Zot:1    | Reached skill level 19 in Conjurations
 71012 | Zot:2    | XOM: confuse monster(s)
 71175 | Zot:3    | You are sucked into a shaft and drop 1 floor!
 71184 | Zot:4    | XOM: fog
 71194 | Zot:4    | XOM: enchant monster (good)
 71237 | Zot:4    | XOM: enchant monster (good)
 71311 | Zot:3    | Noticed a dread lich
 71315 | Zot:4    | Killed a dread lich
 71373 | Zot:3    | XOM: summons 9 friendly demons
 71408 | Zot:3    | Identified the +0 scale mail of Cyonub {rC+ Regen+ Dex-4}
 71481 | Zot:3    | Noticed an orb of fire
 71495 | Zot:3    | Gained mutation: You occasionally shout uncontrollably at
                  | your foes. [mutagenic glow]
 71496 | Zot:3    | XOM: summons 2 hostile demons
 71503 | Zot:3    | XOM: swap monsters
 71504 | Zot:3    | Killed an orb of fire
 71720 | Zot:3    | XOM: butterfly on damage
 71791 | Zot:3    | XOM: 9-stop teleportation journey
 71869 | Zot:3    | XOM: 5-stop teleportation journey
 71875 | Zot:3    | Noticed an orb of fire
 71876 | Zot:3    | XOM: scenery: create altars
 71879 | Zot:3    | Noticed an orb of fire
 71883 | Zot:3    | Killed an orb of fire
 71899 | Zot:3    | Killed an orb of fire
 72218 | Zot:3    | XOM: god gift: 20 sling bullets
 72311 | Zot:3    | Noticed an orb of fire
 72315 | Zot:3    | Noticed an orb of fire
 72325 | Zot:3    | Killed an orb of fire
 72327 | Zot:3    | Killed an orb of fire
 72396 | Zot:3    | XOM: give mutation
 72396 | Zot:3    | Lost mutation: You tend to lose your temper in combat.
                  | [Xom's mischief]
 72956 | Zot:3    | XOM: summons 1 hostile demon
 73097 | Zot:3    | XOM: summons 5 hostile demons
 73163 | Zot:4    | XOM: confuse monster(s)
 73175 | Zot:4    | XOM: repel stairs
 73196 | Zot:4    | XOM: scenery: create altars
 73224 | Zot:5    | Entered Level 5 of the Realm of Zot
 73309 | Zot:5    | XOM: silly message
 73384 | Zot:5    | XOM: silly message
 73657 | Zot:5    | Identified the +9 arbalest "Tecoz" {elec, Str+3}
 73756 | Zot:5    | XOM: potion effect (might)
 73794 | Zot:5    | XOM: silly message
 73797 | Zot:5    | Noticed a dread lich
 73807 | Zot:5    | Killed a dread lich
 73890 | Zot:5    | XOM: potion effect (berserk rage)
 73963 | Zot:5    | Noticed an orb of fire
 73981 | Zot:5    | Killed an orb of fire
 73991 | Zot:5    | Noticed an orb of fire
 73997 | Zot:5    | XOM: potion effect (invisibility)
 73998 | Zot:5    | XOM: potion effect (heal wounds)
 74007 | Zot:5    | Killed an orb of fire
 74020 | Zot:5    | Noticed an orb of fire
 74033 | Zot:5    | Reached skill level 20 in Conjurations
 74038 | Zot:5    | Killed an orb of fire
 74081 | Zot:5    | XOM: divination: detect items
 74180 | Zot:5    | Got the Orb of Zot
 74191 | Zot:5    | XOM: potion effect (haste)
 74192 | Zot:5    | XOM: summons 4 friendly demons
 74366 | Zot:1    | XOM: swap monsters
 74373 | Zot:1    | XOM: swap monsters
 74396 | Depths:5 | Noticed Boris
 74404 | Depths:5 | Killed Boris
 74786 | D:$      | Escaped with the Orb!

Illustrated notes

Levels and vault maps discovered:
D:1:      scummos_arrival_forest, layout_basic, wad_floor_pattern_2
D:2:      layout_basic, marbit_many_paths, chequers_ecumenical_altar_island,
          minmay_misc_feat_chi, minmay_3d_cube
D:3:      layout_basic
D:4:      gammafunk_wand_slinger, layout_basic, chequers_serial_rivers_marsh,
          uniq_edmund, uniq_menkaure, uniq_blork_the_orc, uniq_sigmund
D:5:      layout_loops_ring, kennysheep_okawaru_gauntlet, serial_shops,
          kennysheep_little_box
D:6:      layout_cave_pods, slow_altar_1, serial_shops, shop, shop,
          nicolae_shop_window_shopping, basic_altar, st_stairs_12
D:7:      hangedman_cross_stitches, layout_basic,
          nemelex_xobeh_ov_fountains_minmay, old_standard_altar,
          minmay_temple_entry_antechambers, interstate_on_off,
          kennysheep_decorative_pillar, roderic_roman_lattice
D:8:      layout_loops_ring, lemuel_crystal_altar,
          nicolae_overflow_hidden_temple, nicolae_kikubaaqudgha_miasma_corner,
          nicolae_overflow_crystal_walls, enter_bailey_2,
          ebering_ghost_funeral_grove
D:9:      layout_roguey, pdpol_temple_overflow_zin_treasury_gozag_greed,
          hiddenorc1_lemuel, uniq_gastronok
D:10:     minmay_bloctagon, layout_basic, lair_entry_dummy,
          kennysheep_nondescript, minmay_diamond_spiral, uniq_nergalle
D:11:     layout_basic, uniq_psyche, uniq_snorg
D:12:     hangedman_arrow_trap, layout_gridville, enter_trove_3, serial_shops,
          nicolae_shop_waterfront, minmay_variable_closet, nicolae_wwwww
D:13:     layout_loops_corners, skrybe_vaults_entry_preservation,
          small_statue_intersection, eino_curves_03
D:14:     layout_irregular_city, basic_altar, portal_ice_cave_demonic_guard,
          kennysheep_minor_cross, chequers_serial_rivers_micro_e, uniq_agnes,
          uniq_josephine, uniq_azrael
D:15:     hangedman_depths_entry_civil_slaughter, layout_long_grid,
          maelrawn_ghost_gauntlet_escape, nicolae_ru_path_of_blood, uniq_kirke,
          uniq_nessos, uniq_jorgrun
Lair:1:   layout_chaotic_city, gauntlet_entry_generic,
          minmay_lair_oklob_chamber, grunt_megastairs_1
Lair:2:   layout_regular_city, gammafunk_ghost_necromancy, beast_lair_carwin_3
Lair:3:   layout_gridlike, minmay_swamp_entry_eels, gammafunk_ghost_ooze,
          st_stairs_9, lemuel_fruit_fields, lemuel_fruit_fields,
          lemuel_fruit_tree
Lair:4:   layout_gridlike, spider_nest_entry_web_field, grunt_megastairs_3
Lair:5:   dragon1_lemuel, layout_small_grid, slime_altar_1, grunt_megastairs_4
Lair:6:   grunt_lair_end_beastmaster, layout_misc_corridors, grunt_megastairs_2,
          infiniplex_staircase_pool
Swamp:1:  layout_basic_swamp, evilmike_swamp_ruin_house_3, uniq_frances,
          uniq_nikola
Swamp:2:  layout_basic_swamp, evilmike_swamp_ruin_house_6, swamp_pool4,
          hangedman_swamp_ravenous, infiniplex_staircase_pool_2
Swamp:3:  layout_basic_swamp, evilmike_swamp_ruin_house_5
Swamp:4:  grunt_swamp_rune_castle, layout_basic_swamp, swamp_pool1
Spider:1: layout_chambers, hangedman_spider_tarantella_strand
Spider:2: layout_chambers, nicolae_spider_cling_halls, uniq_arachne
Spider:3: layout_spider_delve
Spider:4: spider_rune_water, guppyfry_spider_mini_3, uniq_bai_suzhen
Orc:1:    giant_chief_lemuel, layout_caves, nicolae_orc_lava_room
Orc:2:    pf_orc_diabolical, layout_caves
Elf:1:    elf_arrival_001, layout_geoelf_diagonals, basic_altar,
          minmay_elf_sorcery, orc_legates
Elf:2:    layout_geoelf_octagon, serial_glass, glass_columns_a, glass_columns_a
Elf:3:    minmay_elf_hall_dome, layout_loops_ring, serial_shops, shop_coins,
          infiniplex_enter_wizlab_spiral, minmay_shop_star
Vaults:1: nicolae_vaults_network_barrier, grunt_vaults_hallway_short,
          hangedman_vaults_stream, v_misc_29, v_misc_8, v_misc_32,
          hangedman_vaults_stretched_pinwheel, layout_vaults_omnigrid,
          serial_shops, shop
Vaults:2: vaults_mumra_chevron, v_misc_4, vaults_room_pools,
          minmay_crypt_entry_necro_gods, hangedman_vaults_maws,
          ontoclasm_vaults_ligature, vaults_mumra_lcd, hangedman_vaults_slither,
          v_misc_3, hangedman_vaults_impose, grunt_vaults_hallway_short,
          ontoclasm_vaults_twist, layout_vaults_omnicross, serial_shops,
          nicolae_shop_crystal, uniq_asterion
Vaults:3: v_misc_5, st_squares, v_rooms_5, nicolae_vaults_sealed_display,
          v_pattern_1, hangedman_vaults_restitches, vaults_mumra_hexcomb,
          vaults_dpeg_ring, serial_ice_h, nicolae_vaults_shelves_hall,
          layout_vaults_big_room
Vaults:4: hangedman_vaults_corner, hangedman_vaults_hat, vaults_room_hallway,
          v_misc_30, nicolae_vaults_puzzle_piece,
          kennysheep_vaults_gozag_temple, hangedman_vaults_restitches,
          v_misc_26, vaults_room_octagon, layout_vaults_ring, serial_shops, shop
Depths:1: minmay_the_grid_triangle_9x9_rhombus_thin_mashed
          [minmay_the_grid_triangle_9x9_sparse_checkered,
          minmay_the_grid_triangle_9x9_prize_center,
          minmay_the_grid_triangle_9x9_subtriangle,
          minmay_the_grid_triangle_9x9_wacky_v], layout_cave_pools,
          enter_ziggurat_b, pan_entry, hell_entry, solitary_fountain,
          minivault_16, chequers_serial_rivers_room_a, minmay_misc_feat_pillars,
          grunt_guarded_unrand_obsidian_axe, serial_bayou_shore_b,
          serial_bayou_shore_b, uniq_enchantress
Depths:2: gammafunk_its_a_trap, layout_cave_shapes, kennysheep_nub, hell_entry,
          infiniplex_staircase_9_rooms
Depths:3: gammafunk_depths_water_palace, layout_basic,
          serial_sigils_hangedman_quiver, grunt_pan_entry_zigzag,
          hangedman_coc_ice_floe, infiniplex_staircase_door_maze
Depths:4: impenetrable_vault, layout_gridlike, grunt_metal_band,
          minmay_misc_feat_square, abyss_entry, nicolae_alphabet_shops,
          minmay_staircase_bubble, serial_bayou_shore_b, serial_bayou_shore_b,
          firewood_loft, uniq_boris
Depths:5: grunt_x_marks_the_spot, layout_gridlike, hell_entry, st_stairs_14,
          uniq_sojobo
Zot:1:    ebering_klown_carousel, layout_gridlike
Zot:2:    layout_gridlike, st_single_dragon_hoard_3
Zot:3:    lemuel_firehouse, layout_onion, nzn_random_ring
Zot:4:    lemuel_draconian_sentries, layout_concentric_octagons,
          st_grand_hoard_of_tiamat
Zot:5:    layout_gridlike

Skill      XL: |  1  2  3  4  5  6  7  8  9 10 11 12 13 14 15 16 17 18 19 20 21 22 23 24 25 26 27 |
---------------+----------------------------------------------------------------------------------+-----
Short Blades   | 4 5 6 8 11 12 | 12.0
Throwing       | 1 3 5 6 7 9 13 | 13.0
Armour         | 3 4 5 7 9 10 12 13 14 15 17 | 17.0
Fighting       | 4 7 10 11 12 13 14 15 16 18 | 18.0
Dodging        | 2 3 5 7 8 9 10 12 | 12.6
Stealth        | 2 4 5 6 7 8 |  8.2
Evocations     | 1 3 7 8 9 10 11 13 | 13.2
Spellcasting   | 4 6 8 10 11 12 13 14 | 14.5
Translocations | 6 7 10 | 10.0
Shields        | 8 13 14 15 | 15.0
Conjurations   | 8 11 15 16 17 18 20 | 20.0
Transmutations | 5 7 9 10 | 10.0
Long Blades    | 3 5 7 9 10 11 | 11.2
Earth Magic    | 1 2 3 4 5 |  5.0
Polearms       | 11 12 14 | 14.0
Hexes          | 3 5 9 |  9.1

Action                   |  1- 3 |  4- 6 |  7- 9 | 10-12 | 13-15 | 16-18 | 19-21 | 22-24 | 25-27 || total
-------------------------+-------+-------+-------+-------+-------+-------+-------+-------+-------++-------
Melee: Short sword       |    84 |    63 |       |    95 |  1028 |   419 |       |       |       ||  1689
       Kick              |    18 |    21 |   100 |   214 |   697 |   678 |   765 |   597 |   632 ||  3722
       Peck              |    11 |    18 |    55 |    99 |   440 |   417 |   462 |   405 |   413 ||  2320
       Dagger            |       |    26 |   296 |   426 |     9 |     5 |       |       |       ||   762
       Scimitar          |       |       |       |       |       |   666 |  1129 |   684 |       ||  2479
       Rapier            |       |       |       |       |       |    44 |       |       |       ||    44
       Demon trident     |       |       |       |       |       |       |       |   178 |  1260 ||  1438
       Unarmed           |       |       |       |       |       |       |       |       |     1 ||     1
Throw: Dart              |    10 |    33 |    48 |    41 |     3 |     4 |       |     1 |     2 ||   142
       Boomerang         |       |       |    52 |   145 |   280 |   490 |   476 |    70 |   139 ||  1652
       Throwing net      |       |       |       |     5 |     3 |     1 |       |       |     2 ||    11
       Javelin           |       |       |       |       |    27 |    44 |    41 |    29 |   128 ||   269
 Cast: Passage of Golubr |       |       |       |     4 |       |       |       |       |       ||     4
       Manifold Assault  |       |       |       |       |    45 |    52 |       |       |    18 ||   115
       Irradiate         |       |       |       |       |       |    33 |    34 |    51 |   123 ||   241
       Passwall          |       |       |       |       |       |       |     4 |     2 |    17 ||    23
       Apportation       |       |       |       |       |       |       |     1 |       |    14 ||    15
       Wereblood         |       |       |       |       |       |       |       |     6 |     1 ||     7
       Yara's Violent Un |       |       |       |       |       |       |       |       |     1 ||     1
       Blink             |       |       |       |       |       |       |       |       |     3 ||     3
 Abil: Fly               |       |     1 |       |       |       |       |       |       |       ||     1
       Evoke Berserk Rag |       |       |       |       |     6 |     1 |       |       |       ||     7
Evoke: Wand              |       |       |     2 |    15 |     3 |     9 |    10 |     1 |    17 ||    57
       Condenser vane    |       |       |       |     1 |     6 |     6 |     7 |     5 |     9 ||    34
       Tin of tremorston |       |       |       |       |     8 |    13 |    10 |     5 |    12 ||    48
       Lightning rod     |       |       |       |       |    11 |    24 |     4 |     8 |       ||    47
       Phial of floods   |       |       |       |       |     1 |     3 |     4 |       |     1 ||     9
       Box of beasts     |       |       |       |       |     1 |     1 |     1 |     1 |     1 ||     5
       Phantom mirror    |       |       |       |       |       |       |       |       |     1 ||     1
  Use: Scroll            |     7 |       |     7 |    12 |     6 |     7 |    12 |     4 |    15 ||    70
       Potion            |       |     3 |       |     2 |     4 |     1 |     2 |     4 |    13 ||    29
 Stab: Confused          |     1 |     2 |       |       |     5 |     7 |     4 |     1 |    11 ||    31
       Held in net/web   |       |       |       |     2 |     3 |     3 |       |       |       ||     8
       Distracted        |       |       |       |     1 |     2 |     4 |     5 |     2 |    11 ||    25
       Sleeping          |       |       |       |     1 |     4 |     1 |       |     1 |     1 ||     8
       Invisible         |       |       |       |       |    13 |       |     2 |    16 |       ||    31
       Petrifying        |       |       |       |       |     2 |       |       |       |     1 ||     3
       Petrified         |       |       |       |       |     1 |       |       |       |     2 ||     3
       Paralysed         |       |       |       |       |       |     1 |     4 |     2 |     7 ||    14
Armor: Leather armour    |     8 |       |       |       |       |       |       |       |       ||     8
       Scale mail        |    13 |    26 |    65 |    16 |     1 |       |       |       |       ||   121
       Chain mail        |       |       |       |    91 |    16 |       |       |       |       ||   107
       Ring mail         |       |       |       |       |   164 |    20 |       |       |       ||   184
       Skin              |       |       |       |       |     2 |     5 |     3 |     4 |       ||    14
       Plate armour      |       |       |       |       |       |   343 |       |       |       ||   343
       Crystal plate arm |       |       |       |       |       |       |   382 |   355 |   399 ||  1136
Dodge: Dodged            |    34 |    27 |   122 |   190 |   373 |   408 |   281 |   301 |   323 ||  2059
Block: Kite shield       |       |       |       |       |   269 |   702 |   607 |   576 |   512 ||  2666
       Rpst.: Dagger     |       |       |       |    10 |     1 |       |       |       |       ||    11
       Short sword       |       |       |       |     8 |    88 |    17 |       |       |       ||   113
       Scimitar          |       |       |       |       |       |   113 |   110 |    85 |       ||   308
       Demon trident     |       |       |       |       |       |       |       |    13 |    48 ||    61

Table legend: (Time is in decaauts)
 A = Elapsed time spent in this place.
 B = Non-inter-level travel time spent in this place.
 C = Inter-level travel time spent in this place.
 D = Time resting spent in this place.
 E = Time spent auto-exploring this place.
 F = Levels seen in this place.
 G = Mean time per level.
                   A        B        C        D        E       F      G
               +--------+--------+--------+--------+--------+-----+--------+
         Total |  68315 |  61862 |   6453 |   2977 |  40388 |  57 | 1198.5 |
       Dungeon |  23135 |  19889 |   3246 |   1772 |  13223 |  15 | 1542.3 |
          Lair |   8149 |   7397 |    752 |    197 |   5248 |   6 | 1358.2 |
         Swamp |   3282 |   3111 |    171 |     64 |   1968 |   4 |  820.5 |
   Spider Nest |   5795 |   5561 |    234 |     24 |   4193 |   4 | 1448.8 |
  Orcish Mines |   3302 |   2919 |    383 |      0 |   2042 |   2 | 1651.0 |
   Elven Halls |   4108 |   3905 |    203 |     36 |   2268 |   3 | 1369.3 |
        Vaults |   6310 |   5645 |    665 |      6 |   4166 |   4 | 1577.5 |
        Depths |   7799 |   7049 |    750 |     89 |   4764 |   5 | 1559.8 |
           Zot |   3162 |   3117 |     45 |    418 |   1360 |   5 |  632.4 |
         Abyss |    521 |    521 |      0 |      9 |      0 |   4 |  130.2 |
         Trove |     44 |     44 |      0 |      0 |      0 |   1 |   44.0 |
        Bailey |    924 |    924 |      0 |    274 |    150 |   1 |  924.0 |
      Ice Cave |     86 |     86 |      0 |      0 |     34 |   1 |   86.0 |
        Wizlab |    776 |    776 |      0 |      0 |    379 |   1 |  776.0 |
      Gauntlet |    915 |    915 |      0 |     85 |    587 |   1 |  915.0 |
               +--------+--------+--------+--------+--------+-----+--------+

Top non-repeatable levels by time:
     D:3: 2390 daAuts
    D:12: 2388 daAuts
     D:9: 2195 daAuts
  Lair:2: 1995 daAuts
Depths:3: 1994 daAuts
   Orc:1: 1890 daAuts
   Zot:3: 1762 daAuts
    D:10: 1727 daAuts
     D:6: 1725 daAuts
    D:11: 1710 daAuts
Vaults:4: 1696 daAuts
     D:7: 1669 daAuts
Spider:2: 1653 daAuts
Vaults:1: 1644 daAuts
Depths:4: 1625 daAuts
